Workbook

Sheet Kapitalwert+Annuität_ohne Knick
A1: Neues Windschutz-AFS, Rieckens Eichhof: ohne die Rodung und Neuanlage eines Knicks
A3: Besonderheit: | B3: Bei der Etablierung dieses AFS entstehen durch eine Knickverlegung standortindividuelle Kosten. Es werden beide Varianten (mit und ohne diese Zusatzkosten) betrachtet.
A4: Hinweise: | B4: 1. Das primäre Ziel dieses Agroforstsystems ist Windschutz.
B5: 2. Betriebswirtschaftlich relevante Ökosystemleistungen wie Windschutz, Schatten und mehr Tierwohl bleiben in der Kapitalwertrechnung unberücksichtigt.
B6: 3. Die Einkünfte aus den gepflanzten Eichen (53 Stück), die frühestens nach 60 bis 70 Jahren geerntet werden können, wurden nicht berücksichtigt, da sich diese zum jetzigen Zeitpunkt nur schwer abschätzen lassen.
B7: 4. Zu den Erntemengen des gepflanzten Futterlaubs (Holunder, Maulbeere) gibt es bisher nur wenige Angaben.
B8: 5. Die Anlage dieses AFS wurde detailliert geplant, aus Kostengründen jedoch auf 2027 (oder später) verschoben.
E10: Zinssatz: | F10: =4% -> 0.04
E11: Betrachtungszeitraum: | F11: 25
I12: Erläuterungen:
B13: Jahr | C13: Einzahlungen (Erlöse) | D13: Auszahlungen (Investitionen) | E13: Netto-Cashflow (Einzahlung minus Auszahlung) | F13: Abzinsfaktor | G13: Barwert (heutiger Wert einer zukünftigen Zahlung) | I13: Bei dieser Berechnung wird ausschließlich der Baumstreifen betrachtet - nicht das gesamte Agroforstsystem. Er wird mithilfe der Kapitalwertmethode als Investition bewertet. Diese Methode prüft, ob sich eine langfristige Investition wirtschaftlich lohnt. Dazu werden alle künftig erwarteten Ein- und Auszahlungen, z.B. Pflegekosten, auf ihren heutigen Wert umgerechnet. Grundidee: Ein Euro heute ist mehr wert als ein Euro in der Zukunft, da verfügbares Geld alternativ angelegt und verzinst werden kann. Künftige Ein- und Auszahlungen werden deshalb mit einem Zinssatz auf den heutigen Zeitpunkt abgezinst. Sollen mehrere langfristige Investitionsmöglichkeiten – etwa verschiedene Gehölzarten im Baumstreifen oder eine alternative Geldanlage wie ein Festgeldkonto – verglichen werden, wird in der Regel die Option mit dem höchsten positiven Kapitalwert bevorzugt. Ökosystemleistungen werden in dieser Berechnung in der Regel nicht monetär berücksichtigt.
B14: 0 | C14: ='Windschutzstreifen (ohne Knick)'!F29 -> 0 | D14: ='Windschutzstreifen (ohne Knick)'!E29 -> 1174.6348 | E14: =C14-D14 -> -1174.6348 | F14: =1/(1+$F$10)^B14 -> 1 | G14: =E14*F14 -> -1174.6348
B15: 1 | C15: ='Windschutzstreifen (ohne Knick)'!F40 -> 0 | D15: ='Windschutzstreifen (ohne Knick)'!E40 -> 1048.815 | E15: =C15-D15 -> -1048.815 | F15: =1/(1+$F$10)^B15 -> 0.96153846 | G15: =E15*F15 -> -1008.476
B16: 2 | C16: ='Windschutzstreifen (ohne Knick)'!F45 -> 0 | D16: ='Windschutzstreifen (ohne Knick)'!E45 -> 215.92354 | E16: =C16-D16 -> -215.92354 | F16: =1/(1+$F$10)^B16 -> 0.92455621 | G16: =E16*F16 -> -199.63345
B17: 3 | C17: ='Windschutzstreifen (ohne Knick)'!F48 -> 0 | D17: ='Windschutzstreifen (ohne Knick)'!E48 -> 96.499181 | E17: =C17-D17 -> -96.499181 | F17: =1/(1+$F$10)^B17 -> 0.88899636 | G17: =E17*F17 -> -85.78742
B18: 4 | C18: ='Windschutzstreifen (ohne Knick)'!F53 -> 7.279791 | D18: ='Windschutzstreifen (ohne Knick)'!E53 -> 194.94603 | E18: =C18-D18 -> -187.66624 | F18: =1/(1+$F$10)^B18 -> 0.85480419 | G18: =E18*F18 -> -160.41789
B19: 5 | C19: ='Windschutzstreifen (ohne Knick)'!F57 -> 7.4981847 | D19: ='Windschutzstreifen (ohne Knick)'!E57 -> 169.21878 | E19: =C19-D19 -> -161.7206 | F19: =1/(1+$F$10)^B19 -> 0.82192711 | G19: =E19*F19 -> -132.92254
B20: 6 | C20: ='Windschutzstreifen (ohne Knick)'!F61 -> 7.7231303 | D20: ='Windschutzstreifen (ohne Knick)'!E61 -> 172.60316 | E20: =C20-D20 -> -164.88003 | F20: =1/(1+$F$10)^B20 -> 0.79031453 | G20: =E20*F20 -> -130.30708
B21: 7 | C21: ='Windschutzstreifen (ohne Knick)'!F65 -> 11.364035 | D21: ='Windschutzstreifen (ohne Knick)'!E65 -> 169.73745 | E21: =C21-D21 -> -158.37342 | F21: =1/(1+$F$10)^B21 -> 0.75991781 | G21: =E21*F21 -> -120.35078
B22: 8 | C22: ='Windschutzstreifen (ohne Knick)'!F69 -> 11.704956 | D22: ='Windschutzstreifen (ohne Knick)'!E69 -> 173.1322 | E22: =C22-D22 -> -161.42725 | F22: =1/(1+$F$10)^B22 -> 0.73069021 | G22: =E22*F22 -> -117.95331 | I22: Der Abzinsfaktor rechnet eine zukünftige Zahlung auf ihren heutigen Wert, den Barwert, zurück. Er berücksichtigt, dass ein Euro heute mehr wert ist als ein Euro in der Zukunft, da er bis dahin verzinst angelegt werden könnte.
B23: 9 | C23: ='Windschutzstreifen (ohne Knick)'!F73 -> 12.056104 | D23: ='Windschutzstreifen (ohne Knick)'!E73 -> 222.16771 | E23: =C23-D23 -> -210.1116 | F23: =1/(1+$F$10)^B23 -> 0.70258674 | G23: =E23*F23 -> -147.62163
B24: 10 | C24: ='Windschutzstreifen (ohne Knick)'!F77 -> 12.417787 | D24: ='Windschutzstreifen (ohne Knick)'!E77 -> 226.61106 | E24: =C24-D24 -> -214.19328 | F24: =1/(1+$F$10)^B24 -> 0.67556417 | G24: =E24*F24 -> -144.7013
B25: 11 | C25: ='Windschutzstreifen (ohne Knick)'!F81 -> 12.790321 | D25: ='Windschutzstreifen (ohne Knick)'!E81 -> 278.55729 | E25: =C25-D25 -> -265.76697 | F25: =1/(1+$F$10)^B25 -> 0.64958093 | G25: =E25*F25 -> -172.63716
B26: 12 | C26: ='Windschutzstreifen (ohne Knick)'!F85 -> 13.174031 | D26: ='Windschutzstreifen (ohne Knick)'!E85 -> 284.12844 | E26: =C26-D26 -> -270.95441 | F26: =1/(1+$F$10)^B26 -> 0.62459705 | G26: =E26*F26 -> -169.23732 | I26: Ein positiver Kapitalwert bedeutet, dass die geforderte Rendite von 4 % überstiegen wird. Ein Kapitalwert von null bedeutet, dass dieser Schwellenwert exakt erreicht wird.
B27: 13 | C27: ='Windschutzstreifen (ohne Knick)'!F89 -> 13.569252 | D27: ='Windschutzstreifen (ohne Knick)'!E89 -> 339.14054 | E27: =C27-D27 -> -325.57129 | F27: =1/(1+$F$10)^B27 -> 0.60057409 | G27: =E27*F27 -> -195.52968
B28: 14 | C28: ='Windschutzstreifen (ohne Knick)'!F93 -> 13.976329 | D28: ='Windschutzstreifen (ohne Knick)'!E93 -> 345.92335 | E28: =C28-D28 -> -331.94702 | F28: =1/(1+$F$10)^B28 -> 0.57747508 | G28: =E28*F28 -> -191.69113
B29: 15 | C29: ='Windschutzstreifen (ohne Knick)'!F97 -> 14.395619 | D29: ='Windschutzstreifen (ohne Knick)'!E97 -> 404.16426 | E29: =C29-D29 -> -389.76864 | F29: =1/(1+$F$10)^B29 -> 0.5552645 | G29: =E29*F29 -> -216.42469
B30: 16 | C30: ='Windschutzstreifen (ohne Knick)'!F101 -> 14.827487 | D30: ='Windschutzstreifen (ohne Knick)'!E101 -> 412.24755 | E30: =C30-D30 -> -397.42006 | F30: =1/(1+$F$10)^B30 -> 0.53390818 | G30: =E30*F30 -> -212.18582 | I30: Die Annuität wandelt den auf 25 Jahre berechneten Kapitalwert in einen gleichbleibenden Jahresbetrag für denselben Zeitraum um. Sie ist besonders hilfreich, wenn sich Gehölze und Zahlungszeitpunkte stark unterscheiden.
B31: 17 | C31: ='Windschutzstreifen (ohne Knick)'!F105 -> 15.272312 | D31: ='Windschutzstreifen (ohne Knick)'!E105 -> 473.88837 | E31: =C31-D31 -> -458.61606 | F31: =1/(1+$F$10)^B31 -> 0.51337325 | G31: =E31*F31 -> -235.44121
B32: 18 | C32: ='Windschutzstreifen (ohne Knick)'!F109 -> 15.730481 | D32: ='Windschutzstreifen (ohne Knick)'!E109 -> 483.36614 | E32: =C32-D32 -> -467.63566 | F32: =1/(1+$F$10)^B32 -> 0.49362812 | G32: =E32*F32 -> -230.83811
B33: 19 | C33: ='Windschutzstreifen (ohne Knick)'!F113 -> 16.202396 | D33: ='Windschutzstreifen (ohne Knick)'!E113 -> 548.58653 | E33: =C33-D33 -> -532.38413 | F33: =1/(1+$F$10)^B33 -> 0.47464242 | G33: =E33*F33 -> -252.69209
B34: 20 | C34: ='Windschutzstreifen (ohne Knick)'!F117 -> 16.688468 | D34: ='Windschutzstreifen (ohne Knick)'!E117 -> 559.55826 | E34: =C34-D34 -> -542.86979 | F34: =1/(1+$F$10)^B34 -> 0.45638695 | G34: =E34*F34 -> -247.75869
B35: 21 | C35: ='Windschutzstreifen (ohne Knick)'!F123 -> 3337.8149 | D35: ='Windschutzstreifen (ohne Knick)'!E123 -> 1464.8736 | E35: =C35-D35 -> 1872.9413 | F35: =1/(1+$F$10)^B35 -> 0.4388336 | G35: =E35*F35 -> 821.90957
B36: 22 | C36: ='Windschutzstreifen (ohne Knick)'!F127 -> 17.704795 | D36: ='Windschutzstreifen (ohne Knick)'!E127 -> 582.16441 | E36: =C36-D36 -> -564.45962 | F36: =1/(1+$F$10)^B36 -> 0.42195539 | G36: =E36*F36 -> -238.17678
B37: 23 | C37: ='Windschutzstreifen (ohne Knick)'!F133 -> 4379.8621 | D37: ='Windschutzstreifen (ohne Knick)'!E133 -> 1371.1474 | E37: =C37-D37 -> 3008.7147 | F37: =1/(1+$F$10)^B37 -> 0.40572633 | G37: =E37*F37 -> 1220.7148
B38: 24 | C38: ='Windschutzstreifen (ohne Knick)'!F137 -> 18.783018 | D38: ='Windschutzstreifen (ohne Knick)'!E137 -> 464.14138 | E38: =C38-D38 -> -445.35836 | F38: =1/(1+$F$10)^B38 -> 0.39012147 | G38: =E38*F38 -> -173.74386
B39: 25 | C39: ='Windschutzstreifen (ohne Knick)'!F143 -> 5358.4802 | D39: ='Windschutzstreifen (ohne Knick)'!E143 -> 1316.1529 | E39: =C39-D39 -> 4042.3274 | F39: =1/(1+$F$10)^B39 -> 0.3751168 | G39: =E39*F39 -> 1516.3449
B40: Summe | C40: =SUM(C14:C39) -> 13329.316 | D40: =SUM(D14:D39) -> 13192.329 | E40: =SUM(E14:E39) -> 136.98649 | F40: Kapitalwert: | G40: =SUM(G14:G39) -> -2400.1934
F41: Annuität: | G41: =PMT($F$10,$F$11,-SUM(G14:G39)) -> -153.64109 | I41: Annuität= Kapitalwert als gleichbleibender jährlicher Betrag
I43: Ein positiver Kapitalwert bedeutet, dass das Projekt die geforderte Rendite von 4 % übersteigt; ein Kapitalwert von null bedeutet, dass es diesen Schwellenwert exakt erreicht.
I45: Die Annuität wandelt den auf 25 Jahre berechneten Kapitalwert in einen gleichbleibenden Jahresbetrag für denselben Zeitraum um. Sie ist besonders hilfreich beim Vergleich von Agroforstsystemen, die sich hinsichtlich der Anlageform oder der Projektlaufzeit unterscheiden.

Sheet Windschutzstreifen (ohne Knick)
E1: Modell- und Demonstrationsvorhaben für die Planung und Etablierung von Agroforstsystemen in Schleswig-Holstein | M1: Letzte offene Fragen
E2: Arbeitszeitaufwand und Direktkosten: 2 Windschutzstreifen (insg. 192 m Länge), Rieckens Eichhof | M2: s. Windschutzstreifen "mit Knick" - Input vom Eichhof hier übertragen
B4: Arbeitsschritt wurde ausgeführt | G4: Planung
B5: Arbeitsschritt ist geplant | G5: Pflanzung
G6: Pflege
G7: Ernte
B8: Fachkraft - kalkulatorischer Lohnansatz in €: | D8: 22 | E8: Annahme: jährlicher Anstieg der Lohnkosten um 2%
B9: Hilfskraft - kalkulatorischer Lohnansatz in €: | D9: 13.9
J10: Arbeitskräfte & Arbeitszeit | Q10: Betriebsmittel
A11: Jahr | B11: Lohnkosten (kalkulatorischer Lohnansatz: € 22) | C11: Lohnkosten (kalkulatorischer Lohnansatz: € 13,9) | D11: Direktkosten | E11: Summe Auszahlungen | F11: Summe Einzahlungen | G11: Tätigkeit | H11: Beschreibung der Tätigkeit | I11: Datum | J11: Arbeitszeit in min inklusive Rüst- und Wegezeiten; Wegezeit: 5 min pro Weg | K11: Anzahl der beteiligten Fachkräfte | L11: Anzahl der beteiligten Hilfskräfte | M11: Arbeitsstunden Fachkräfte (Anzahl Arbeitskräfte * Arbeitszeit) | N11: Arbeitsstunden Hilfskräfte (Anzahl Arbeitskräfte * Arbeitszeit) | O11: Anmerkungen (z.B. unterschiedliche Arbeitszeiten/ Qualifikationen) | P11: Eingesetzte Maschinen, Geräte (Name, Typ, Größe und Funktion) | Q11: Betriebsmittel (z.B. Pflanzgut, Wuchshüllen, Wasser, Mulch, Dünger,...) | R11: Anzahl | S11: Netto-Preise | T11: Anmerkungen | U11: Quellen | V11: Erlöse
A12: 0 | G12: Planungsgespräch | H12: Planung: Erkenntnisse der Standortanalyse besprechen | I12: 45667 | J12: 20 | K12: 2 | M12: =J12*K12/60 -> 0.66666667 | N12: =J12*L12/60 -> 0 | P12: PC (Web-Meeting) | T12: Die Standortanalyse wurde für die drei neuen Agroforstsysteme gleichzeitig besprochen (ein Drittel der Gesamtzeit) | U12: Eichhof
A13: 0 | G13: Planungsgespräch | H13: Planungsziele schärfen und neue Ideen besprechen: Welchen Zweck soll das Agroforstsystem erfüllen? Design? Artenauswahl und Baumschutz besprechen | I13: 45685 | J13: 30 | K13: 2 | M13: =J13*K13/60 -> 1 | N13: =J13*L13/60 -> 0 | P13: PC (Web-Meeting) | U13: Eichhof
A14: 0 | G14: Planungsgespräch | H14: Festlegen der Pflanzabstände, der Breite des Gehölzstreifens, der Baumauswahl | I14: 45853 | J14: 30 | K14: 2 | M14: =J14*K14/60 -> 1 | N14: =J14*L14/60 -> 0 | P14: Planungsskizzen | U14: Eichhof
A15: 0 | G15: Auswahl der Pflanzen | H15: Finale Auswahl der Pflanzen. Recherchen und Telefonate mit Baumschulen. | I15: 45950 | J15: 45 | K15: 1 | M15: =J15*K15/60 -> 0.75 | N15: =J15*L15/60 -> 0 | P15: PC, Telefon | U15: Eichhof
A16: 0 | G16: Auswahl und Bestellung der Pflanzen | H16: Abschluss der Baumschulrecherche. Bestellvorgang. | I16: 45950 | J16: 30 | K16: 1 | M16: =J16*K16/60 -> 0.5 | N16: =J16*L16/60 -> 0 | P16: PC, Telefon | T16: Bestellung: 54 Stieleichen, 18 Gemeine Hasel, 100 Hybridpappeln, 18 Schwarzer Maulbeerbaum, 172 Schwarze Holunder | U16: Eichhof
A17: 0 | G17: Bestellung (Kosten) | M17: =J17*K17/60 -> 0 | N17: =J17*L17/60 -> 0 | Q17: Stieleiche (Quercus robur) | R17: 54 | S17: =1.54*54 -> 83.16 | T17: 2-jährig, 50-80 cm (keine Versandkosten) | U17: Eichhof
A18: 0 | G18: Bestellung (Kosten) | M18: =J18*K18/60 -> 0 | N18: =J18*L18/60 -> 0 | Q18: Gemeine Hasel (Corylus avellana) | R18: 18 | S18: =18*2.44 -> 43.92 | T18: 2-jährig, 50-80 cm (keine Versandkosten) | U18: Eichhof
A19: 0 | G19: Bestellung (Kosten) | M19: =J19*K19/60 -> 0 | N19: =J19*L19/60 -> 0 | Q19: Schwarzer Holunder (Sambucus nigra) | R19: 172 | S19: =172*2.44 -> 419.68 | T19: 2-jährig, 50-80 cm (keine Versandkosten) | U19: Eichhof
A20: 0 | G20: Bestellung (Kosten) | M20: =J20*K20/60 -> 0 | N20: =J20*L20/60 -> 0 | Q20: Hybridpappeln | R20: 100 | S20: 200 | T20: Sorten: Marke, Bakan, Skado, Matrix II. 90 cm Ruten | U20: Eichhof
A21: 0 | G21: Bestellung (Kosten) | M21: =J21*K21/60 -> 0 | N21: =J21*L21/60 -> 0 | S21: 15 | T21: Versandkosten Pappeln | U21: Eichhof
A22: 0 | G22: Bestellung (Kosten) | M22: =J22*K22/60 -> 0 | N22: =J22*L22/60 -> 0 | Q22: Schwarzer Maulbeerbaum (Morus nigra) | R22: 18 | S22: =2.43*18 -> 43.74 | T22: 2-jährig, 30-50 cm. Gesamte Bestellung (für weitere Flächen) umfasst 172 Bäume, € 417,96 | U22: Eichhof
A23: 0 | G23: Bestellung (Kosten) | M23: =J23*K23/60 -> 0 | N23: =J23*L23/60 -> 0 | S23: 6.33 | T23: anteilige Frachtkosten Morus nigra | U23: Eichhof
A24: 0 | G24: Bestellung (Kosten) | M24: =J24*K24/60 -> 0 | N24: =J24*L24/60 -> 0 | Q24: Baumschutz: Hasendraht als Einzelbaumschutz | R24: 262 | S24: =R24*0.56/1.19 -> 123.29412 | T24: Feuerverzinktes Drahtgitter, 0,56€/Stk Brutto. Aus vorhandenen Betriebsmitteln. Hasendraht: 1 Rolle mit 1 m x 10 m --> 1 Schutz á 25 cm x 50 cm entspricht 80 Hasendrähten aus 10 m Rolle. Der Hasendraht wird ca. 2 cm in den Boden eingedreht für stabilen Halt, es sind keine weiteren Hilfsmittel notwendig. Anzahl: ohne Pappeln, da diese am Standort erfahrungsgemäß in Ruhe gelassen werden. | U24: Eichhof, Beraterteam
A25: 0 | G25: Bestellung (Kosten) | M25: =J25*K25/60 -> 0 | N25: =J25*L25/60 -> 0 | Q25: Baumschutz: Mobiler Steckzaun mit drei Litzen, doppelt gezogen | R25: 400 m | S25: =26.9*2/1.19 -> 45.210084 | T25: VOSS.farming Weidezaunlitze 400 m, 3x 0,25 Kupfer und 3x 0,20 Niro, weiß | U25: Eichhof
A26: 0 | G26: Bestellung (Kosten) | M26: =J26*K26/60 -> 0 | N26: =J26*L26/60 -> 0 | Q26: Baumschutz: Weidezaunpfähle mobil | R26: 80 | S26: =SUM(R26*1.31)/1.19 -> 88.067227 | T26: Mobile Weidezaunpfähle, 105 cm Länge, 1,31 € pro Stück, alle 5 m. | U26: Eichhof
A27: 0 | G27: Bodenbearbeitung | H27: Tiefenlockerung: Lockerung möglicher Verdichtungen für einen besseren Anwuchs der Pflanzen | I27: 45852 | J27: 20 | K27: 1 | M27: =J27*K27/60 -> 0.33333333 | N27: =J27*L27/60 -> 0 | O27: Rücstzeit (3 AFS): 30 min | P27: Trecker (Fendt Vario), Bremer Parallockerer | Q27: Maschinenkosten | R27: 27 €/h | S27: =0.2*27 -> 5.4 | T27: Der Arbeitsgang wurde für die drei neuen Agroforstsysteme gleichzeitig durchgeführt, anteilige Rüstzeit: 10 min | U27: Eichhof
A28: 0 | G28: Einmessen | H28: GPS-Einmessen und GIS Planung. | I28: 45930 | J28: 20 | K28: 1 | M28: =J28*K28/60 -> 0.33333333 | N28: =J28*L28/60 -> 0 | P28: GPS Messgerät, PC (GIS-Planung)
A29: 0 | B29: =SUM(M12:M28)*D8 -> 100.83333 | C29: =SUM(N12:N28)*D9 -> 0 | D29: =SUM(S12:S28) -> 1073.8014 | E29: =SUM(B29:D29) -> 1174.6348 | F29: =SUM(V12:V28) -> 0
A30: 1 | G30: Grubbern | H30: Flach grubbern vor der Pflanzung, um den Boden zu lockern und Beikräuter zu regulieren. | I30: 2026 | J30: 20 | K30: 1 | M30: =J30*K30/60 -> 0.33333333 | N30: =J30*L30/60 -> 0 | P30: Fendt Vario; Grubber | Q30: Maschinenkosten | R30: 27 €/h | S30: =M30*17 -> 5.6666667 | U30: Eichhof
A31: 1 | G31: Pflanzung | H31: Pflanzmaschine Ligno-Planter R (geplant in Kombination mit einer Vorführung der Pflanzmaschine) | I31: 2026 | J31: 140 | K31: 1 | L31: 1 | M31: =J31*K31/60 -> 2.3333333 | N31: =J31*L31/60 -> 2.3333333 | O31: 1 zusätzliche Fachkraft wird von der Pflanzfirma bereitgestellt. 40 min Rüstzeit (Pflanzgut vorbereiten; Maschine einstellen & vorbereiten). Pflanzzeit: 200 Pflanzen/h. | P31: Pflanzmaschine Ligno-Planter R | Q31: Pflanzmaschine: Anfahrt & Logistik | S31: 300 | T31: Beraterteam: Anfahrt & Logistik der Pflanzmaschine werden pauschal berechnet (300 €); Pflanzumsatz ca. 200 Pflanzen pro Stunde. Eichhof: Leihkosten der Pflanzmaschine inkl. 1er Fachkraft € 150 / h. | U31: Eichhof, Beraterteam
A32: 1 | M32: =J32*K32/60 -> 0 | N32: =J32*L32/60 -> 0 | P32: Trecker (Fendt Vario); Pflanzmaschine Ligno-Planter R | Q32: Pflanzkosten (150 €/h, 1,8 h) | R32: 1,7 h | S32: =150*1.7 -> 255 | T32: Eichhof: Leihkosten der Pflanzmaschine inkl. 1er Fachkraft € 150 / h. | U32: Eichhof
A33: 1 | M33: =J33*K33/60 -> 0 | N33: =J33*L33/60 -> 0 | Q33: Maschinenkosten | R33: 40 €/h | S33: =40*M31 -> 93.333333 | T33: Leihtrecker vom Nachbarn | U33: Eichhof
A34: 1 | G34: Mulchen | H34: Mulchen mit Silagegrünschnitt: Mit dem Frontlader Silagemulch im Futtermischwagen mischen und zerkleinern, dann mit dem Einstreugebläse des Futtermischwagens ausbringen. 1 Person macht Baumstamm wieder frei. | I34: 2026 | J34: 90 | K34: 1 | L34: 1 | M34: =J34*K34/60 -> 1.5 | N34: =J34*L34/60 -> 1.5 | O34: Rüstzeit (inkl. Anmischen) ca. 45 min | P34: Trecker (Fendt Favorit) mit Frontlader; Futtermischwagen | Q34: Silagegrünschnitt | R34: 400 kg | S34: 40 | T34: Beladen des Futtermischwagens mit Silagegrünschnitt (nicht futtergeeignete Silage). Wird zerkleinert und gemischt und entlang des Baumstreifens ausgebracht mit Gebläse/Förderband. Eine Person muss mitgehen und die jungen Gehölze von zu viel Mulch befreien. Arbeitsgeschwindigkeit 2-3 km/h. | U34: Eichhof
A35: 1 | M35: =J35*K35/60 -> 0 | N35: =J35*L35/60 -> 0 | Q35: Maschinenkosten | R35: 17 €/h | S35: =M34*17 -> 25.5 | U35: Eichhof
A36: 1 | G36: Baumschutz befestigen | H36: Einzelbaumschutz und mobilen Baumschutz anbringen | I36: 2026 | J36: 120 | K36: 1 | L36: 1 | M36: =J36*K36/60 -> 2 | N36: =J36*L36/60 -> 2 | O36: Rüstzeit ca. 15 min | Q36: Hasendraht verzinkt, Handschuhe; Zaunmaterialien (s. Planung) | R36: s.o. | U36: Eichhof
A37: 1 | G37: Bewässerung | H37: Güllewagen als Wassertank mit Schlauch mit Löchern zur Bewässerung/Beregnung. | I37: 2026 | J37: 120 | K37: 1 | M37: =J37*K37/60 -> 2 | N37: =J37*L37/60 -> 0 | O37: Rüstzeit ca. 30 min, davon 10 min zum volltanken | P37: Güllewagen 10³; Trecker Fendt Farmer 110 | Q37: Wasserverbrauch | R37: 600 L | S37: 0 | T37: Eichhof: kostenloses Brunnenwasser. Das Güllefass hat eine Füllmenge von 10m³. Langsames Fahren mit 0,5km/h, mehrmaliges entlang fahren. Beraterteam: Kein weiteres Gießen geplant. Erfahrungswerte: Anwuchsgießen ist ausreichend. | U37: Eichhof, Beraterteam
A38: 1 | M38: =J38*K38/60 -> 0 | N38: =J38*L38/60 -> 0 | Q38: Maschinenkosten | R38: 27 €/h | S38: =M37*27 -> 54 | U38: Eichhof
A39: 1 | G39: Baumschutz | H39: Baumschutz kontrollieren und nachbessern | I39: 2026 | J39: 25 | K39: 1 | M39: =J39*K39/60 -> 0.41666667 | N39: =J39*L39/60 -> 0 | O39: 15 min Kontrolle, 10 min Nachbessern | T39: Da es ein robustes System mit robusten Pflanzen (Hasel,Pappel und Holunder) ist, genügt eine einmalige Kontrolle des Baumschutzes pro Jahr. | U39: Eichhof, Beraterteam
A40: 1 | B40: =(SUM(M30:M39)*D8)*(1+2%)^1 -> 192.61 | C40: =(SUM(N30:N39)*D9)*(1+2%)^1 -> 82.705 | D40: =SUM(S30:S39) -> 773.5 | E40: =SUM(B40:D40) -> 1048.815 | F40: =SUM(V30:V39) -> 0
A41: 2 | G41: Nachpflanzen (falls relevant) | H41: Ausfallquote 4 % (~15 Pflanzen), händisches Nachpflanzen | I41: 2027 | J41: 60 | K41: 1 | M41: =J41*K41/60 -> 1 | N41: =J41*L41/60 -> 0 | O41: Rüstzeit: 15 min | P41: Spaten | Q41: Pflanzgut, Gehölze | R41: 15 | S41: =2.25*R41 -> 33.75 | T41: Ausfallquote: basiert auf bisherigen Erfahrungen (Eichhof, Beraterteam) Pflanzgut: aus eigener Baumschule (übriggebliebenes Pflanzgut für eventuelle Nachpflanzungen) Pflanzgutkosten: durchschnittlicher Stückpreis (Jahr 0) | U41: Eichhof, Beraterteam
A42: 2 | G42: Kontrollgänge | H42: Baumschutz kontrollieren und ggf. nachbessern. Steht der Zaun noch stabil und führt Strom? Holunder zurückschneiden, falls zu wüchsig | I42: 2027 | J42: 40 | K42: 1 | M42: =J42*K42/60 -> 0.66666667 | N42: =J42*L42/60 -> 0 | O42: 15 min Kontrolle, 10 min Nachbessern, 15 min Rückschnitt | T42: Da es ein robustes System mit robusten Pflanzen (Hasel,Pappel und Holunder) ist, genügt eine einmalige Kontrolle des Baumschutzes pro Jahr. | U42: Eichhof, Beraterteam
A43: 2 | G43: Mulchen | H43: Mulchen mit Silagegrünschnitt: Mit dem Frontlader Silagemulch im Futtermischwagen mischen und zerkleinern, dann mit dem Einstreugebläse des Futtermischwagens ausbringen. 1 Person macht Baumstamm wieder frei. | I43: 2027 | J43: 90 | K43: 1 | L43: 1 | M43: =J43*K43/60 -> 1.5 | N43: =J43*L43/60 -> 1.5 | O43: Rüstzeit (inkl. Anmischen) ca. 45 min | P43: Trecker mit Frontlader; Futtermischwagen | Q43: Silagegrünschnitt | R43: 400 kg | S43: 40 | T43: Beladen des Futtermischwagens mit Silagegrünschnitt (nicht futtergeeignete Silage). Wird zerkleinert und gemischt und entlang des Baumstreifens ausgebracht mit Gebläse/Förderband. Eine Person muss mitgehen und die jungen Gehölze von zu viel Mulch befreien. Arbeitsgeschwindigkeit 2-3 km/h. | U43: Eichhof
A44: 2 | M44: =J44*K44/60 -> 0 | N44: =J44*L44/60 -> 0 | Q44: Maschinenkosten | R44: 27 €/h, 25 €/h | S44: =32*M43 -> 48 | U44: Eichhof
A45: 2 | B45: =(SUM(M41:M44)*D8)*(1+2%)^2 -> 72.4812 | C45: =(SUM(N41:N44)*D9)*(1+2%)^2 -> 21.69234 | D45: =SUM(S41:S44) -> 121.75 | E45: =SUM(B45:D45) -> 215.92354 | F45: =SUM(V41:V44) -> 0
A46: 3 | G46: Kontrollgänge | H46: Baumschutz kontrollieren und ggf. nachbessern. Steht der Zaun noch stabil und führt Strom? Holunder zurückschneiden, falls zu wüchsig | I46: 2028 | J46: 40 | K46: 1 | M46: =J46*K46/60 -> 0.66666667 | N46: =J46*L46/60 -> 0 | T46: Da es ein robustes System mit robusten Pflanzen (Hasel,Pappel und Holunder) ist, genügt eine einmalige Kontrolle des Baumschutzes pro Jahr. | U46: Eichhof, Beraterteam
A47: 3 | G47: Aufasten der Pappeln und Eichen | H47: Mit Astschere. Entfernung der unteren Äste; freihalten der Begleitgehölze | I47: 2028 | J47: =104*2 -> 208 | K47: 1 | M47: =J47*K47/60 -> 3.4666667 | N47: =J47*L47/60 -> 0 | O47: Circa 2 min pro Baum, inklusive Rüstzeit (60 Pappeln, 54 Eichen) | Q47: Astschere, Rosenschere | T47: 60 von 100 Pappeln werden zum Aufasten ausgewählt | U47: Eichhof
A48: 3 | B48: =(SUM(M46:M47)*D8)*(1+2%)^3 -> 96.499181 | C48: =(SUM(N46:N47)*D9)*(1+2%)^3 -> 0 | D48: =SUM(S46:S47) -> 0 | E48: =SUM(B48:D48) -> 96.499181 | F48: =SUM(V46:V47) -> 0
A49: 4 | G49: Baumschutz | H49: Entfernen des Hasendrahts mit einer Drahtschere. | I49: 2029 | J49: 100 | L49: 1 | M49: =J49*K49/60 -> 0 | N49: =J49*L49/60 -> 1.6666667 | Q49: Schubkarre, Handschuhe, Drahtschere | T49: Entfernen des Hasendrahts für die bessere Etablierung eines buschigen Wuchses der Pflanzen. | U49: Eichhof
A50: 4 | G50: Kontrollgänge | H50: Steht der Zaun noch stabil und führt Strom? Holunder zurückschneiden, falls zu wüchsig | I50: 2029 | J50: 40 | K50: 1 | M50: =J50*K50/60 -> 0.66666667 | N50: =J50*L50/60 -> 0 | T50: Da es ein robustes System mit robusten Pflanzen (Hasel,Pappel und Holunder) ist, genügt eine einmalige Kontrolle des Baumschutzes pro Jahr. | U50: Eichhof
A51: 4 | G51: Aufasten der Pappeln und Eichen | H51: Mit Astschere. Entfernung der unteren Äste; freihalten der Begleitgehölze | I51: 2029 | J51: =104*2 -> 208 | K51: 1 | M51: =J51*K51/60 -> 3.4666667 | N51: =J51*L51/60 -> 0 | O51: Circa 2 min pro Baum, inklusive Rüstzeit (60 Pappeln, 54 Eichen) | Q51: Astschere, Rosenschere | U51: Eichhof
A52: 4 | G52: Futterlaub: Rückschnitt | H52: (1) seitlicher Rinderfraß, gesamte Länge; (2) Höhenbegrenzung, Rückschnitt als Kopfbaum, 50% des Agroforststreifens | I52: 2029 | J52: =20*9 -> 180 | K52: 1 | M52: =J52*K52/60 -> 3 | N52: =J52*L52/60 -> 0 | O52: 20 min wöchentlich von Juni bis Juli (9 Wochen) | P52: Handsäge, Astschere | T52: Holunder, Maulbeere (Monetärer Wert: s. Futterlauberlöse, Ansatz 2) | U52: Eichhof | V52: =Futterlauberlöse!A33*(1+3%)^4 -> 7.279791
A53: 4 | B53: =(SUM(M49:M52)*D8)*(1+2%)^4 -> 169.86969 | C53: =(SUM(N49:N52)*D9)*(1+2%)^4 -> 25.076345 | D53: =SUM(S49:S52) -> 0 | E53: =SUM(B53:D53) -> 194.94603 | F53: =SUM(V49:V52) -> 7.279791
A54: 5 | G54: Kontrollgänge | H54: Steht der Zaun noch stabil und führt Strom? Holunder zurückschneiden, falls zu wüchsig | I54: 2030 | J54: 30 | K54: 1 | M54: =J54*K54/60 -> 0.5 | N54: =J54*L54/60 -> 0 | T54: Ab 5 Jahren kann auf eine Litze reduziert werden, damit Kälbchen ggf. grasen können, aber weiterhin Schutz besteht vor Rindern. | U54: Eichhof
A55: 5 | G55: Aufasten der Pappeln und Eichen | H55: Mit Astschere. Entfernung der unteren Äste; freihalten der Begleitgehölze | I55: 2030 | J55: =104*2 -> 208 | K55: 1 | M55: =J55*K55/60 -> 3.4666667 | N55: =J55*L55/60 -> 0 | O55: Circa 2 min pro Baum, inklusive Rüstzeit (60 Pappeln, 54 Eichen) | Q55: Astschere, Rosenschere | U55: Eichhof
A56: 5 | G56: Futterlaub: Rückschnitt | H56: (1) seitlicher Rinderfraß, gesamte Länge; (2) Höhenbegrenzung, Rückschnitt als Kopfbaum, 50% des Agroforststreifens | I56: 2030 | J56: =20*9 -> 180 | K56: 1 | M56: =J56*K56/60 -> 3 | N56: =J56*L56/60 -> 0 | O56: 20 min wöchentlich von Juni bis Juli (9 Wochen) | P56: Handsäge, Astschere | T56: Holunder, Maulbeere (Monetärer Wert: s. Futterlauberlöse, Ansatz 2) | U56: Eichhof | V56: =Futterlauberlöse!A33*(1+3%)^5 -> 7.4981847
A57: 5 | B57: =(SUM(M54:M56)*D8)*(1+2%)^5 -> 169.21878 | C57: =(SUM(N54:N56)*D9)*(1+2%)^5 -> 0 | D57: =SUM(S54:S56) -> 0 | E57: =SUM(B57:D57) -> 169.21878 | F57: =SUM(V54:V56) -> 7.4981847
A58: 6 | G58: Kontrollgänge | H58: Steht der Zaun noch stabil und führt Strom? Holunder zurückschneiden, falls zu wüchsig | I58: 2031 | J58: 30 | K58: 1 | M58: =J58*K58/60 -> 0.5 | N58: =J58*L58/60 -> 0 | T58: Ab 5 Jahren kann auf eine Litze reduziert werden, damit Kälbchen ggf. grasen können, aber weiterhin Schutz besteht vor Rindern. | U58: Eichhof
A59: 6 | G59: Aufasten der Pappeln und Eichen | H59: Mit Astschere. Entfernung der unteren Äste; freihalten der Begleitgehölze | I59: 2031 | J59: =104*2 -> 208 | K59: 1 | M59: =J59*K59/60 -> 3.4666667 | N59: =J59*L59/60 -> 0 | O59: Circa 2 min pro Baum, inklusive Rüstzeit (60 Pappeln, 54 Eichen) | Q59: Astschere, Rosenschere | U59: Eichhof
A60: 6 | G60: Futterlaub: Rückschnitt | H60: (1) seitlicher Rinderfraß, gesamte Länge; (2) Höhenbegrenzung, Rückschnitt als Kopfbaum, 50% des Agroforststreifens | I60: 2031 | J60: =20*9 -> 180 | K60: 1 | M60: =J60*K60/60 -> 3 | N60: =J60*L60/60 -> 0 | O60: 20 min wöchentlich von Juni bis Juli (9 Wochen) | P60: Handsäge, Astschere | T60: Holunder, Maulbeere (Monetärer Wert: s. Futterlauberlöse, Ansatz 2) | U60: Eichhof | V60: =Futterlauberlöse!A33*(1+3%)^6 -> 7.7231303
A61: 6 | B61: =(SUM(M58:M60)*D8)*(1+2%)^6 -> 172.60316 | C61: =(SUM(N58:N60)*D9)*(1+2%)^6 -> 0 | D61: =SUM(S58:S60) -> 0 | E61: =SUM(B61:D61) -> 172.60316 | F61: =SUM(V58:V60) -> 7.7231303
A62: 7 | G62: Kontrollgänge | H62: Steht der Zaun noch stabil und führt Strom? | I62: 2032 | J62: 15 | K62: 1 | M62: =J62*K62/60 -> 0.25 | N62: =J62*L62/60 -> 0 | T62: Ab 5 Jahren kann auf eine Litze reduziert werden, damit Kälbchen ggf. grasen können, aber weiterhin Schutz besteht vor Rindern. | U62: Eichhof
A63: 7 | G63: Aufasten der Pappeln und Eichen | H63: Mit Astschere | I63: 2032 | J63: =104*2 -> 208 | K63: 1 | M63: =J63*K63/60 -> 3.4666667 | N63: =J63*L63/60 -> 0 | O63: Circa 2 min pro Baum, inklusive Rüstzeit (60 Pappeln, 54 Eichen) | Q63: Astschere | U63: Eichhof
A64: 7 | G64: Futterlaub: Rückschnitt | H64: (1) seitlicher Rinderfraß, gesamte Länge; (2) Höhenbegrenzung, Rückschnitt als Kopfbaum, 50% des Agroforststreifens | I64: 2032 | J64: =20*9 -> 180 | K64: 1 | M64: =J64*K64/60 -> 3 | N64: =J64*L64/60 -> 0 | O64: 20 min wöchentlich von Juni bis Juli (9 Wochen) | P64: Handsäge, Astschere | T64: Holunder, Maulbeere (Monetärer Wert: s. Futterlauberlöse, Ansatz 2) | U64: Eichhof | V64: =Futterlauberlöse!A32*(1+3%)^7 -> 11.364035
A65: 7 | B65: =(SUM(M62:M64)*D8)*(1+2%)^7 -> 169.73745 | C65: =(SUM(N62:N64)*D9)*(1+2%)^7 -> 0 | D65: =SUM(S62:S64) -> 0 | E65: =SUM(B65:D65) -> 169.73745 | F65: =SUM(V62:V64) -> 11.364035
A66: 8 | G66: Kontrollgänge | H66: Steht der Zaun noch stabil und führt Strom? | I66: 2033 | J66: 15 | K66: 1 | M66: =J66*K66/60 -> 0.25 | N66: =J66*L66/60 -> 0 | U66: Eichhof
A67: 8 | G67: Aufasten der Pappeln und Eichen | H67: Mit Astschere. | I67: 2033 | J67: =104*2 -> 208 | K67: 1 | M67: =J67*K67/60 -> 3.4666667 | N67: =J67*L67/60 -> 0 | O67: Circa 2 min pro Baum, inklusive Rüstzeit (60 Pappeln, 54 Eichen) | Q67: Astschere | U67: Eichhof
A68: 8 | G68: Futterlaub: Rückschnitt | H68: (1) seitlicher Rinderfraß, gesamte Länge; (2) Höhenbegrenzung, Rückschnitt als Kopfbaum, 50% des Agroforststreifens | I68: 2033 | J68: =20*9 -> 180 | K68: 1 | M68: =J68*K68/60 -> 3 | N68: =J68*L68/60 -> 0 | O68: 20 min wöchentlich von Juni bis Juli (9 Wochen) | P68: Handsäge, Astschere | T68: Holunder, Maulbeere (Monetärer Wert: s. Futterlauberlöse, Ansatz 2) | U68: Eichhof | V68: =Futterlauberlöse!A32*(1+3%)^8 -> 11.704956
A69: 8 | B69: =(SUM(M66:M68)*D8)*(1+2%)^8 -> 173.1322 | C69: =(SUM(N66:N68)*D9)*(1+2%)^8 -> 0 | D69: =SUM(S66:S68) -> 0 | E69: =SUM(B69:D69) -> 173.1322 | F69: =SUM(V66:V68) -> 11.704956
A70: 9 | G70: Kontrollgänge | H70: Steht der Zaun noch stabil und führt Strom? | I70: 2034 | J70: 15 | K70: 1 | M70: =J70*K70/60 -> 0.25 | N70: =J70*L70/60 -> 0 | U70: Eichhof
A71: 9 | G71: Aufasten der Pappeln und Eichen | H71: Mit Astschere / Teleskopschere | I71: 2034 | J71: =104*3 -> 312 | K71: 1 | M71: =J71*K71/60 -> 5.2 | N71: =J71*L71/60 -> 0 | O71: Circa 3 min pro Baum, inklusive Rüstzeit (60 Pappeln, 54 Eichen) | Q71: Astschere, Teleskopschere | T71: Mit zunehmender Baumhöhe zunehmend aufwändiger | U71: Agroforstsysteme zur Wertholzerzeugung
A72: 9 | G72: Futterlaub: Rückschnitt | H72: (1) seitlicher Rinderfraß, gesamte Länge; (2) Höhenbegrenzung, Rückschnitt als Kopfbaum, 50% des Agroforststreifens | I72: 2034 | J72: =20*9 -> 180 | K72: 1 | M72: =J72*K72/60 -> 3 | N72: =J72*L72/60 -> 0 | O72: 20 min wöchentlich von Juni bis Juli (9 Wochen) | P72: Handsäge, Astschere | T72: Holunder, Maulbeere (Monetärer Wert: s. Futterlauberlöse, Ansatz 2) | U72: Eichhof | V72: =Futterlauberlöse!A32*(1+3%)^9 -> 12.056104
A73: 9 | B73: =(SUM(M70:M72)*D8)*(1+2%)^9 -> 222.16771 | C73: =(SUM(N70:N72)*D9)*(1+2%)^9 -> 0 | D73: =SUM(S70:S72) -> 0 | E73: =SUM(B73:D73) -> 222.16771 | F73: =SUM(V70:V72) -> 12.056104
A74: 10 | G74: Kontrollgänge | H74: Steht der Zaun noch stabil und führt Strom? | I74: 2035 | J74: 15 | K74: 1 | M74: =J74*K74/60 -> 0.25 | N74: =J74*L74/60 -> 0 | U74: Eichhof
A75: 10 | G75: Aufasten der Pappeln und Eichen | H75: Mit Astschere / Teleskopschere | I75: 2035 | J75: =104*3 -> 312 | K75: 1 | M75: =J75*K75/60 -> 5.2 | N75: =J75*L75/60 -> 0 | O75: Circa 3 min pro Baum, inklusive Rüstzeit (60 Pappeln, 54 Eichen) | Q75: Astschere, Teleskopschere | T75: Mit zunehmender Baumhöhe zunehmend aufwändiger | U75: Agroforstsysteme zur Wertholzerzeugung
A76: 10 | G76: Futterlaub: Rückschnitt | H76: (1) seitlicher Rinderfraß, gesamte Länge; (2) Höhenbegrenzung, Rückschnitt als Kopfbaum, 50% des Agroforststreifens | I76: 2035 | J76: =20*9 -> 180 | K76: 1 | M76: =J76*K76/60 -> 3 | N76: =J76*L76/60 -> 0 | O76: 20 min wöchentlich von Juni bis Juli (9 Wochen) | P76: Handsäge, Astschere | T76: Holunder, Maulbeere (Monetärer Wert: s. Futterlauberlöse, Ansatz 2) | U76: Eichhof | V76: =Futterlauberlöse!A32*(1+3%)^10 -> 12.417787
A77: 10 | B77: =(SUM(M74:M76)*D8)*(1+2%)^10 -> 226.61106 | C77: =(SUM(N74:N76)*D9)*(1+2%)^10 -> 0 | D77: =SUM(S74:S76) -> 0 | E77: =SUM(B77:D77) -> 226.61106 | F77: =SUM(V74:V76) -> 12.417787
A78: 11 | G78: Kontrollgänge | H78: Steht der Zaun noch stabil und führt Strom? | I78: 2036 | J78: 15 | K78: 1 | M78: =J78*K78/60 -> 0.25 | N78: =J78*L78/60 -> 0 | U78: Eichhof
A79: 11 | G79: Aufasten der Pappeln und Eichen | H79: Mit Astschere / Teleskopschere | I79: 2036 | J79: =104*4 -> 416 | K79: 1 | M79: =J79*K79/60 -> 6.9333333 | N79: =J79*L79/60 -> 0 | O79: Circa 4 min pro Baum, inklusive Rüstzeit (60 Pappeln, 54 Eichen) | Q79: Astschere, Teleskopschere | T79: Mit zunehmender Baumhöhe zunehmend aufwändiger | U79: Agroforstsysteme zur Wertholzerzeugung
A80: 11 | G80: Futterlaub: Rückschnitt | H80: (1) seitlicher Rinderfraß, gesamte Länge; (2) Höhenbegrenzung, Rückschnitt als Kopfbaum, 50% des Agroforststreifens | I80: 2036 | J80: =20*9 -> 180 | K80: 1 | M80: =J80*K80/60 -> 3 | N80: =J80*L80/60 -> 0 | O80: 20 min wöchentlich von Juni bis Juli (9 Wochen) | P80: Handsäge, Astschere | T80: Holunder, Maulbeere (Monetärer Wert: s. Futterlauberlöse, Ansatz 2) | U80: Eichhof | V80: =Futterlauberlöse!A32*(1+3%)^11 -> 12.790321
A81: 11 | B81: =(SUM(M78:M80)*D8)*(1+2%)^11 -> 278.55729 | C81: =(SUM(N78:N80)*D9)*(1+2%)^11 -> 0 | D81: =SUM(S78:S80) -> 0 | E81: =SUM(B81:D81) -> 278.55729 | F81: =SUM(V78:V80) -> 12.790321
A82: 12 | G82: Kontrollgänge | H82: Steht der Zaun noch stabil und führt Strom? | I82: 2037 | J82: 15 | K82: 1 | M82: =J82*K82/60 -> 0.25 | N82: =J82*L82/60 -> 0 | U82: Eichhof
A83: 12 | G83: Aufasten der Pappeln und Eichen | H83: Mit Astschere / Teleskopschere | I83: 2037 | J83: =104*4 -> 416 | K83: 1 | M83: =J83*K83/60 -> 6.9333333 | N83: =J83*L83/60 -> 0 | O83: Circa 4 min pro Baum, inklusive Rüstzeit (60 Pappeln, 54 Eichen) | Q83: Astschere, Teleskopschere | T83: Mit zunehmender Baumhöhe zunehmend aufwändiger | U83: Agroforstsysteme zur Wertholzerzeugung
A84: 12 | G84: Futterlaub: Rückschnitt | H84: (1) seitlicher Rinderfraß, gesamte Länge; (2) Höhenbegrenzung, Rückschnitt als Kopfbaum, 50% des Agroforststreifens | I84: 2037 | J84: =20*9 -> 180 | K84: 1 | M84: =J84*K84/60 -> 3 | N84: =J84*L84/60 -> 0 | O84: 20 min wöchentlich von Juni bis Juli (9 Wochen) | P84: Handsäge, Astschere | T84: Holunder, Maulbeere (Monetärer Wert: s. Futterlauberlöse, Ansatz 2) | U84: Eichhof | V84: =Futterlauberlöse!A32*(1+3%)^12 -> 13.174031
A85: 12 | B85: =(SUM(M82:M84)*D8)*(1+2%)^12 -> 284.12844 | C85: =(SUM(N82:N84)*D9)*(1+2%)^12 -> 0 | D85: =SUM(S82:S84) -> 0 | E85: =SUM(B85:D85) -> 284.12844 | F85: =SUM(V82:V84) -> 13.174031
A86: 13 | G86: Kontrollgänge | H86: Steht der Zaun noch stabil und führt Strom? | I86: 2038 | J86: 15 | K86: 1 | M86: =J86*K86/60 -> 0.25 | N86: =J86*L86/60 -> 0 | U86: Eichhof
A87: 13 | G87: Aufasten der Pappeln und Eichen | H87: Mit Astschere / Teleskopschere | I87: 2038 | J87: =104*5 -> 520 | K87: 1 | M87: =J87*K87/60 -> 8.6666667 | N87: =J87*L87/60 -> 0 | O87: Circa 5 min pro Baum, inklusive Rüstzeit (60 Pappeln, 54 Eichen) | Q87: Astschere, Teleskopschere | T87: Mit zunehmender Baumhöhe zunehmend aufwändiger | U87: Agroforstsysteme zur Wertholzerzeugung
A88: 13 | G88: Futterlaub: Rückschnitt | H88: (1) seitlicher Rinderfraß, gesamte Länge; (2) Höhenbegrenzung, Rückschnitt als Kopfbaum, 50% des Agroforststreifens | I88: 2038 | J88: =20*9 -> 180 | K88: 1 | M88: =J88*K88/60 -> 3 | N88: =J88*L88/60 -> 0 | O88: 20 min wöchentlich von Juni bis Juli (9 Wochen) | P88: Handsäge, Astschere | T88: Holunder, Maulbeere (Monetärer Wert: s. Futterlauberlöse, Ansatz 2) | U88: Eichhof | V88: =Futterlauberlöse!A32*(1+3%)^13 -> 13.569252
A89: 13 | B89: =(SUM(M86:M88)*D8)*(1+2%)^13 -> 339.14054 | C89: =(SUM(N86:N88)*D9)*(1+2%)^13 -> 0 | D89: =SUM(S86:S88) -> 0 | E89: =SUM(B89:D89) -> 339.14054 | F89: =SUM(V86:V88) -> 13.569252
A90: 14 | G90: Kontrollgänge | H90: Steht der Zaun noch stabil und führt Strom? | I90: 2039 | J90: 15 | K90: 1 | M90: =J90*K90/60 -> 0.25 | N90: =J90*L90/60 -> 0 | U90: Eichhof
A91: 14 | G91: Aufasten der Pappeln und Eichen | H91: Mit Astschere / Teleskopschere | I91: 2039 | J91: =104*5 -> 520 | K91: 1 | M91: =J91*K91/60 -> 8.6666667 | N91: =J91*L91/60 -> 0 | O91: Circa 5 min pro Baum, inklusive Rüstzeit (60 Pappeln, 54 Eichen) | Q91: Astschere, Teleskopschere | T91: Mit zunehmender Baumhöhe zunehmend aufwändiger | U91: Agroforstsysteme zur Wertholzerzeugung
A92: 14 | G92: Futterlaub: Rückschnitt | H92: (1) seitlicher Rinderfraß, gesamte Länge; (2) Höhenbegrenzung, Rückschnitt als Kopfbaum, 50% des Agroforststreifens | I92: 2039 | J92: =20*9 -> 180 | K92: 1 | M92: =J92*K92/60 -> 3 | N92: =J92*L92/60 -> 0 | O92: 20 min wöchentlich von Juni bis Juli (9 Wochen) | P92: Handsäge, Astschere | T92: Holunder, Maulbeere (Monetärer Wert: s. Futterlauberlöse, Ansatz 2) | U92: Eichhof | V92: =Futterlauberlöse!A32*(1+3%)^14 -> 13.976329
A93: 14 | B93: =(SUM(M90:M92)*D8)*(1+2%)^14 -> 345.92335 | C93: =(SUM(N90:N92)*D9)*(1+2%)^14 -> 0 | D93: =SUM(S90:S92) -> 0 | E93: =SUM(B93:D93) -> 345.92335 | F93: =SUM(V90:V92) -> 13.976329
A94: 15 | G94: Kontrollgänge | H94: Steht der Zaun noch stabil und führt Strom? | I94: 2040 | J94: 15 | K94: 1 | M94: =J94*K94/60 -> 0.25 | N94: =J94*L94/60 -> 0 | U94: Eichhof
A95: 15 | G95: Aufasten der Pappeln und Eichen | H95: Mit Astschere / Teleskopschere | I95: 2040 | J95: =104*6 -> 624 | K95: 1 | M95: =J95*K95/60 -> 10.4 | N95: =J95*L95/60 -> 0 | O95: Circa 6 min pro Baum, inklusive Rüstzeit (60 Pappeln, 54 Eichen) | Q95: Astschere, Teleskopschere, ggf Leiter | T95: Mit zunehmender Baumhöhe zunehmend aufwändiger | U95: Agroforstsysteme zur Wertholzerzeugung
A96: 15 | G96: Futterlaub: Rückschnitt | H96: (1) seitlicher Rinderfraß, gesamte Länge; (2) Höhenbegrenzung, Rückschnitt als Kopfbaum, 50% des Agroforststreifens | I96: 2040 | J96: =20*9 -> 180 | K96: 1 | M96: =J96*K96/60 -> 3 | N96: =J96*L96/60 -> 0 | O96: 20 min wöchentlich von Juni bis Juli (9 Wochen) | P96: Handsäge, Astschere | T96: Holunder, Maulbeere (Monetärer Wert: s. Futterlauberlöse, Ansatz 2) | U96: Eichhof | V96: =Futterlauberlöse!A32*(1+3%)^15 -> 14.395619
A97: 15 | B97: =(SUM(M94:M96)*D8)*(1+2%)^15 -> 404.16426 | C97: =(SUM(N94:N96)*D9)*(1+2%)^15 -> 0 | D97: =SUM(S94:S96) -> 0 | E97: =SUM(B97:D97) -> 404.16426 | F97: =SUM(V94:V96) -> 14.395619
A98: 16 | G98: Kontrollgänge | H98: Steht der Zaun noch stabil und führt Strom? | I98: 2041 | J98: 15 | K98: 1 | M98: =J98*K98/60 -> 0.25 | N98: =J98*L98/60 -> 0 | U98: Eichhof
A99: 16 | G99: Aufasten der Pappeln und Eichen | H99: Mit Astschere / Teleskopschere | I99: 2041 | J99: =104*6 -> 624 | K99: 1 | M99: =J99*K99/60 -> 10.4 | N99: =J99*L99/60 -> 0 | O99: Circa 6 min pro Baum, inklusive Rüstzeit (60 Pappeln, 54 Eichen) | Q99: Astschere, Teleskopschere, ggf Leiter | T99: Mit zunehmender Baumhöhe zunehmend aufwändiger | U99: Agroforstsysteme zur Wertholzerzeugung
A100: 16 | G100: Futterlaub: Rückschnitt | H100: (1) seitlicher Rinderfraß, gesamte Länge; (2) Höhenbegrenzung, Rückschnitt als Kopfbaum, 50% des Agroforststreifens | I100: 2041 | J100: =20*9 -> 180 | K100: 1 | M100: =J100*K100/60 -> 3 | N100: =J100*L100/60 -> 0 | O100: 20 min wöchentlich von Juni bis Juli (9 Wochen) | P100: Handsäge, Astschere | T100: Holunder, Maulbeere (Monetärer Wert: s. Futterlauberlöse, Ansatz 2) | U100: Eichhof | V100: =Futterlauberlöse!A32*(1+3%)^16 -> 14.827487
A101: 16 | B101: =(SUM(M98:M100)*D8)*(1+2%)^16 -> 412.24755 | C101: =(SUM(N98:N100)*D9)*(1+2%)^16 -> 0 | D101: =SUM(S98:S100) -> 0 | E101: =SUM(B101:D101) -> 412.24755 | F101: =SUM(V98:V100) -> 14.827487
...

Sheet Kapitalwert+Annuität_mit Knick
A1: Neues Windschutz-AFS, Rieckens Eichhof: mit Rodung und Neuanlage eines Knicks
A3: Besonderheit: | B3: Bei der Etablierung dieses AFS entstehen durch eine Knickverlegung standortindividuelle Kosten. Es werden beide Varianten (mit und ohne diese Zusatzkosten) betrachtet.
A4: Hinweise: | B4: 1. Das primäre Ziel dieses Agroforstsystems ist Windschutz.
B5: 2. Betriebswirtschaftlich relevante Ökosystemleistungen wie Windschutz, Schatten und mehr Tierwohl bleiben in der Kapitalwertrechnung unberücksichtigt.
B6: 3. Die Einkünfte aus den gepflanzten Eichen (53 Stück), die frühestens nach 60 bis 70 Jahren geerntet werden können, wurden nicht berücksichtigt, da sich diese zum jetzigen Zeitpunkt nur schwer abschätzen lassen.
B7: 4. Zu den Erntemengen des gepflanzten Futterlaubs (Holunder, Maulbeere) gibt es bisher nur wenige Angaben.
B8: 5. Die Anlage dieses AFS wurde detailliert geplant, aus Kostengründen jedoch auf 2027 (oder später) verschoben.
E10: Zinssatz: | F10: =4% -> 0.04
E11: Betrachtungszeitraum: | F11: 25
I12: Erläuterungen:
B13: Jahr | C13: Einzahlungen (Erlöse) | D13: Auszahlungen (Investitionen) | E13: Netto-Cashflow (Einzahlung minus Auszahlung) | F13: Abzinsfaktor | G13: Barwert (heutiger Wert einer zukünftigen Zahlung) | I13: Bei dieser Berechnung wird ausschließlich der Baumstreifen betrachtet - nicht das gesamte Agroforstsystem. Er wird mithilfe der Kapitalwertmethode als Investition bewertet. Diese Methode prüft, ob sich eine langfristige Investition wirtschaftlich lohnt. Dazu werden alle künftig erwarteten Ein- und Auszahlungen, z.B. Pflegekosten, auf ihren heutigen Wert umgerechnet. Grundidee: Ein Euro heute ist mehr wert als ein Euro in der Zukunft, da verfügbares Geld alternativ angelegt und verzinst werden kann. Künftige Ein- und Auszahlungen werden deshalb mit einem Zinssatz auf den heutigen Zeitpunkt abgezinst. Sollen mehrere langfristige Investitionsmöglichkeiten – etwa verschiedene Gehölzarten im Baumstreifen oder eine alternative Geldanlage wie ein Festgeldkonto – verglichen werden, wird in der Regel die Option mit dem höchsten positiven Kapitalwert bevorzugt. Ökosystemleistungen werden in dieser Berechnung nicht monetär berücksichtigt.
B14: 0 | C14: ='Windschutzstreifen (mit Knick)'!F31 -> 0 | D14: ='Windschutzstreifen (mit Knick)'!E31 -> 1308.8504 | E14: =C14-D14 -> -1308.8504 | F14: =1/(1+$F$10)^B14 -> 1 | G14: =E14*F14 -> -1308.8504
B15: 1 | C15: ='Windschutzstreifen (mit Knick)'!F51 -> 0 | D15: ='Windschutzstreifen (mit Knick)'!E51 -> 2561.4897 | E15: =C15-D15 -> -2561.4897 | F15: =1/(1+$F$10)^B15 -> 0.96153846 | G15: =E15*F15 -> -2462.9708
B16: 2 | C16: ='Windschutzstreifen (mit Knick)'!F56 -> 0 | D16: ='Windschutzstreifen (mit Knick)'!E56 -> 215.92354 | E16: =C16-D16 -> -215.92354 | F16: =1/(1+$F$10)^B16 -> 0.92455621 | G16: =E16*F16 -> -199.63345
B17: 3 | C17: ='Windschutzstreifen (mit Knick)'!F59 -> 0 | D17: ='Windschutzstreifen (mit Knick)'!E59 -> 96.499181 | E17: =C17-D17 -> -96.499181 | F17: =1/(1+$F$10)^B17 -> 0.88899636 | G17: =E17*F17 -> -85.78742
B18: 4 | C18: ='Windschutzstreifen (mit Knick)'!F64 -> 7.279791 | D18: ='Windschutzstreifen (mit Knick)'!E64 -> 194.94603 | E18: =C18-D18 -> -187.66624 | F18: =1/(1+$F$10)^B18 -> 0.85480419 | G18: =E18*F18 -> -160.41789
B19: 5 | C19: ='Windschutzstreifen (mit Knick)'!F68 -> 7.4981847 | D19: ='Windschutzstreifen (mit Knick)'!E68 -> 169.21878 | E19: =C19-D19 -> -161.7206 | F19: =1/(1+$F$10)^B19 -> 0.82192711 | G19: =E19*F19 -> -132.92254
B20: 6 | C20: ='Windschutzstreifen (mit Knick)'!F72 -> 7.7231303 | D20: ='Windschutzstreifen (mit Knick)'!E72 -> 172.60316 | E20: =C20-D20 -> -164.88003 | F20: =1/(1+$F$10)^B20 -> 0.79031453 | G20: =E20*F20 -> -130.30708
B21: 7 | C21: ='Windschutzstreifen (mit Knick)'!F76 -> 11.364035 | D21: ='Windschutzstreifen (mit Knick)'!E76 -> 169.73745 | E21: =C21-D21 -> -158.37342 | F21: =1/(1+$F$10)^B21 -> 0.75991781 | G21: =E21*F21 -> -120.35078
B22: 8 | C22: ='Windschutzstreifen (mit Knick)'!F80 -> 11.704956 | D22: ='Windschutzstreifen (mit Knick)'!E80 -> 173.1322 | E22: =C22-D22 -> -161.42725 | F22: =1/(1+$F$10)^B22 -> 0.73069021 | G22: =E22*F22 -> -117.95331 | I22: Der Abzinsfaktor rechnet eine zukünftige Zahlung auf ihren heutigen Wert, den Barwert, zurück. Er berücksichtigt, dass ein Euro heute mehr wert ist als ein Euro in der Zukunft, da er bis dahin verzinst angelegt werden könnte.
B23: 9 | C23: ='Windschutzstreifen (mit Knick)'!F84 -> 11.704956 | D23: ='Windschutzstreifen (mit Knick)'!E84 -> 222.16771 | E23: =C23-D23 -> -210.46275 | F23: =1/(1+$F$10)^B23 -> 0.70258674 | G23: =E23*F23 -> -147.86834
B24: 10 | C24: ='Windschutzstreifen (mit Knick)'!F88 -> 12.417787 | D24: ='Windschutzstreifen (mit Knick)'!E88 -> 226.61106 | E24: =C24-D24 -> -214.19328 | F24: =1/(1+$F$10)^B24 -> 0.67556417 | G24: =E24*F24 -> -144.7013
B25: 11 | C25: ='Windschutzstreifen (mit Knick)'!F92 -> 12.790321 | D25: ='Windschutzstreifen (mit Knick)'!E92 -> 278.55729 | E25: =C25-D25 -> -265.76697 | F25: =1/(1+$F$10)^B25 -> 0.64958093 | G25: =E25*F25 -> -172.63716
B26: 12 | C26: ='Windschutzstreifen (mit Knick)'!F96 -> 13.174031 | D26: ='Windschutzstreifen (mit Knick)'!E96 -> 284.12844 | E26: =C26-D26 -> -270.95441 | F26: =1/(1+$F$10)^B26 -> 0.62459705 | G26: =E26*F26 -> -169.23732 | I26: Ein positiver Kapitalwert bedeutet, dass die geforderte Rendite von 4 % überstiegen wird. Ein Kapitalwert von null bedeutet, dass dieser Schwellenwert exakt erreicht wird.
B27: 13 | C27: ='Windschutzstreifen (mit Knick)'!F100 -> 13.569252 | D27: ='Windschutzstreifen (mit Knick)'!E100 -> 339.14054 | E27: =C27-D27 -> -325.57129 | F27: =1/(1+$F$10)^B27 -> 0.60057409 | G27: =E27*F27 -> -195.52968
B28: 14 | C28: ='Windschutzstreifen (mit Knick)'!F104 -> 13.976329 | D28: ='Windschutzstreifen (mit Knick)'!E104 -> 345.92335 | E28: =C28-D28 -> -331.94702 | F28: =1/(1+$F$10)^B28 -> 0.57747508 | G28: =E28*F28 -> -191.69113
B29: 15 | C29: ='Windschutzstreifen (mit Knick)'!F108 -> 14.395619 | D29: ='Windschutzstreifen (mit Knick)'!E108 -> 404.16426 | E29: =C29-D29 -> -389.76864 | F29: =1/(1+$F$10)^B29 -> 0.5552645 | G29: =E29*F29 -> -216.42469
B30: 16 | C30: ='Windschutzstreifen (mit Knick)'!F112 -> 14.827487 | D30: ='Windschutzstreifen (mit Knick)'!E112 -> 412.24755 | E30: =C30-D30 -> -397.42006 | F30: =1/(1+$F$10)^B30 -> 0.53390818 | G30: =E30*F30 -> -212.18582 | I30: Die Annuität wandelt den auf 25 Jahre berechneten Kapitalwert in einen gleichbleibenden Jahresbetrag für denselben Zeitraum um. Sie ist besonders hilfreich, wenn sich Gehölze und Zahlungszeitpunkte stark unterscheiden.
B31: 17 | C31: ='Windschutzstreifen (mit Knick)'!F116 -> 15.272312 | D31: ='Windschutzstreifen (mit Knick)'!E116 -> 473.88837 | E31: =C31-D31 -> -458.61606 | F31: =1/(1+$F$10)^B31 -> 0.51337325 | G31: =E31*F31 -> -235.44121
B32: 18 | C32: ='Windschutzstreifen (mit Knick)'!F120 -> 15.730481 | D32: ='Windschutzstreifen (mit Knick)'!E120 -> 483.36614 | E32: =C32-D32 -> -467.63566 | F32: =1/(1+$F$10)^B32 -> 0.49362812 | G32: =E32*F32 -> -230.83811
B33: 19 | C33: ='Windschutzstreifen (mit Knick)'!F124 -> 16.202396 | D33: ='Windschutzstreifen (mit Knick)'!E124 -> 548.58653 | E33: =C33-D33 -> -532.38413 | F33: =1/(1+$F$10)^B33 -> 0.47464242 | G33: =E33*F33 -> -252.69209
B34: 20 | C34: ='Windschutzstreifen (mit Knick)'!F128 -> 16.688468 | D34: ='Windschutzstreifen (mit Knick)'!E128 -> 559.55826 | E34: =C34-D34 -> -542.86979 | F34: =1/(1+$F$10)^B34 -> 0.45638695 | G34: =E34*F34 -> -247.75869
B35: 21 | C35: ='Windschutzstreifen (mit Knick)'!F134 -> 3337.8149 | D35: ='Windschutzstreifen (mit Knick)'!E134 -> 1464.8736 | E35: =C35-D35 -> 1872.9413 | F35: =1/(1+$F$10)^B35 -> 0.4388336 | G35: =E35*F35 -> 821.90957
B36: 22 | C36: ='Windschutzstreifen (mit Knick)'!F138 -> 17.704795 | D36: ='Windschutzstreifen (mit Knick)'!E138 -> 582.16441 | E36: =C36-D36 -> -564.45962 | F36: =1/(1+$F$10)^B36 -> 0.42195539 | G36: =E36*F36 -> -238.17678
B37: 23 | C37: ='Windschutzstreifen (mit Knick)'!F144 -> 4379.8621 | D37: ='Windschutzstreifen (mit Knick)'!E144 -> 1371.1474 | E37: =C37-D37 -> 3008.7147 | F37: =1/(1+$F$10)^B37 -> 0.40572633 | G37: =E37*F37 -> 1220.7148
B38: 24 | C38: ='Windschutzstreifen (mit Knick)'!F148 -> 18.783018 | D38: ='Windschutzstreifen (mit Knick)'!E148 -> 464.14138 | E38: =C38-D38 -> -445.35836 | F38: =1/(1+$F$10)^B38 -> 0.39012147 | G38: =E38*F38 -> -173.74386
B39: 25 | C39: ='Windschutzstreifen (mit Knick)'!F154 -> 5358.4802 | D39: ='Windschutzstreifen (mit Knick)'!E154 -> 1316.1529 | E39: =C39-D39 -> 4042.3274 | F39: =1/(1+$F$10)^B39 -> 0.3751168 | G39: =E39*F39 -> 1516.3449
B40: Summe | C40: =SUM(C14:C39) -> 13328.965 | D40: =SUM(D14:D39) -> 14839.22 | E40: =SUM(E14:E39) -> -1510.255 | F40: Kapitalwert: | G40: =SUM(G14:G39) -> -3989.1507
F41: Annuität: | G41: =PMT($F$10,$F$11,-SUM(G14:G39)) -> -255.35336 | I41: Annuität= Kapitalwert als gleichbleibender jährlicher Betrag
I43: Ein positiver Kapitalwert bedeutet, dass das Projekt die geforderte Rendite von 4 % übersteigt; ein Kapitalwert von null bedeutet, dass es diesen Schwellenwert exakt erreicht.
I45: Die Annuität wandelt den auf 25 Jahre berechneten Kapitalwert in einen gleichbleibenden Jahresbetrag für denselben Zeitraum um. Sie ist besonders hilfreich beim Vergleich von Agroforstsystemen, die sich hinsichtlich der Anlageform oder der Projektlaufzeit unterscheiden.

Sheet Windschutzstreifen (mit Knick)
E1: Modell- und Demonstrationsvorhaben für die Planung und Etablierung von Agroforstsystemen in Schleswig-Holstein | M1: Letzte offene Fragen
E2: Arbeitszeitaufwand und Direktkosten: 2 Windschutzstreifen (insg. 192 m Länge), Rieckens Eichhof | M2: Zeile 42: Bitte (ungefähre) Kosten ergänzen
B4: Arbeitsschritt wurde ausgeführt | G4: Planung
B5: Arbeitsschritt ist geplant | G5: Pflanzung
G6: Pflege
G7: Ernte
B8: Fachkraft - kalkulatorischer Lohnansatz in €: | D8: 22 | E8: Annahme: jährlicher Anstieg der Lohnkosten um 2%
B9: Hilfskraft - kalkulatorischer Lohnansatz in €: | D9: 13.9
J10: Arbeitskräfte & Arbeitszeit | Q10: Betriebsmittel
A11: Jahr | B11: Lohnkosten (kalkulatorischer Lohnansatz: € 22) | C11: Lohnkosten (kalkulatorischer Lohnansatz: € 13,9) | D11: Direktkosten | E11: Summe Auszahlungen | F11: Summe Einzahlungen | G11: Tätigkeit | H11: Beschreibung der Tätigkeit | I11: Datum | J11: Arbeitszeit in min inklusive Rüst- und Wegezeiten; Wegezeit: 5 min pro Weg | K11: Anzahl der beteiligten Fachkräfte | L11: Anzahl der beteiligten Hilfskräfte | M11: Arbeitsstunden Fachkräfte (Anzahl Arbeitskräfte * Arbeitszeit) | N11: Arbeitsstunden Hilfskräfte (Anzahl Arbeitskräfte * Arbeitszeit) | O11: Anmerkungen (z.B. unterschiedliche Arbeitszeiten/ Qualifikationen) | P11: Eingesetzte Maschinen, Geräte (Name, Typ, Größe und Funktion) | Q11: Betriebsmittel (z.B. Pflanzgut, Wuchshüllen, Wasser, Mulch, Dünger,...) | R11: Anzahl | S11: Netto-Preise | T11: Anmerkungen | U11: Quellen | V11: Erlöse
A12: 0 | G12: Planungsgespräch | H12: Planung: Erkenntnisse der Standortanalyse besprechen | I12: 45667 | J12: 20 | K12: 2 | M12: =J12*K12/60 -> 0.66666667 | N12: =J12*L12/60 -> 0 | P12: PC (Web-Meeting) | T12: Die Standortanalyse wurde für die drei neuen Agroforstsysteme gleichzeitig besprochen (jeweils ein Drittel der Gesamtzeit). Standortanalyse: dafür wurden Bodenproben auf 30-40 cm Tiefe an ca. 6 unterschiedlichen Orten auf der Koppel entnommen. Ziel: Gesamtüberblick über die Koppel - unterer Teil der Wiese (für die Obstgehölze), Hanglage (für das Futterlaub), windexponierte Hanglage (für die Windschutzhecke) & windgeschützte Hanglage als Vergleich. | U12: Eichhof, Beraterteam
A13: 0 | G13: Planungsgespräch | H13: Planungsziele schärfen und neue Ideen besprechen: Welchen Zweck soll das Agroforstsystem erfüllen? Design? Artenauswahl und Baumschutz besprechen | I13: 45685 | J13: 30 | K13: 2 | M13: =J13*K13/60 -> 1 | N13: =J13*L13/60 -> 0 | P13: PC (Web-Meeting) | U13: Eichhof, Beraterteam
A14: 0 | G14: Planungsgespräch | H14: Gespräch mit der Unteren Naturschutzbehörde zu einem Knickdurchbruch: Neuanlage des Knicks an anderer Stelle. Möglichkeiten der Förderung und Anlage des neuen Knicks. | I14: 46288 | J14: 105 | K14: 2 | M14: =J14*K14/60 -> 3.5 | N14: =J14*L14/60 -> 0 | P14: selbstgezeichnete Karte | U14: Eichhof
A15: 0 | G15: Planungsgespräch | H15: Festlegen der Pflanzabstände, der Breite des Gehölzstreifens, der Baumauswahl und der Optionen für den Knickdurchbruck | I15: 45853 | J15: 40 | K15: 2 | M15: =J15*K15/60 -> 1.3333333 | N15: =J15*L15/60 -> 0 | P15: Planungsskizzen | U15: Eichhof, Beraterteam
A16: 0 | G16: Auswahl der Pflanzen | H16: Finale Auswahl der Pflanzen. Recherchen und Telefonate mit Baumschulen. | I16: 45950 | J16: 45 | K16: 1 | M16: =J16*K16/60 -> 0.75 | N16: =J16*L16/60 -> 0 | P16: PC, Telefon | U16: Eichhof
A17: 0 | G17: Auswahl und Bestellung der Pflanzen | H17: Abschluss der Baumschulrecherche. Bestellvorgang. | I17: 45950 | J17: 30 | K17: 1 | M17: =J17*K17/60 -> 0.5 | N17: =J17*L17/60 -> 0 | P17: PC, Telefon | T17: Bestellung: 54 Stieleichen, 18 Gemeine Hasel, 100 Hybridpappeln, 18 Schwarzer Maulbeerbaum, 172 Schwarze Holunder | U17: Eichhof
A18: 0 | G18: Bestellung (Kosten) | M18: =J18*K18/60 -> 0 | N18: =J18*L18/60 -> 0 | Q18: Stieleiche (Quercus robur) | R18: 54 | S18: =1.54*54 -> 83.16 | T18: 2-jährig, 50-80 cm (keine Versandkosten) | U18: Eichhof
A19: 0 | G19: Bestellung (Kosten) | M19: =J19*K19/60 -> 0 | N19: =J19*L19/60 -> 0 | Q19: Gemeine Hasel (Corylus avellana) | R19: 18 | S19: =18*2.44 -> 43.92 | T19: 2-jährig, 50-80 cm (keine Versandkosten) | U19: Eichhof
A20: 0 | G20: Bestellung (Kosten) | M20: =J20*K20/60 -> 0 | N20: =J20*L20/60 -> 0 | Q20: Schwarzer Holunder (Sambucus nigra) | R20: 172 | S20: =172*2.44 -> 419.68 | T20: 2-jährig, 50-80 cm (keine Versandkosten) | U20: Eichhof
A21: 0 | G21: Bestellung (Kosten) | M21: =J21*K21/60 -> 0 | N21: =J21*L21/60 -> 0 | Q21: Hybridpappeln | R21: 100 | S21: 200 | T21: Sorten: Marke, Bakan, Skado, Matrix II. 90 cm Ruten | U21: Eichhof
A22: 0 | G22: Bestellung (Kosten) | M22: =J22*K22/60 -> 0 | N22: =J22*L22/60 -> 0 | S22: 15 | T22: Versandkosten Pappeln | U22: Eichhof
A23: 0 | G23: Bestellung (Kosten) | M23: =J23*K23/60 -> 0 | N23: =J23*L23/60 -> 0 | Q23: Schwarzer Maulbeerbaum (Morus nigra) | R23: 18 | S23: =2.43*18 -> 43.74 | T23: 2-jährig, 30-50 cm. Gesamte Bestellung (für weitere Flächen) umfasst 172 Bäume, € 417,96 | U23: Eichhof
A24: 0 | G24: Bestellung (Kosten) | M24: =J24*K24/60 -> 0 | N24: =J24*L24/60 -> 0 | S24: 6.33 | T24: anteilige Frachtkosten Morus nigra | U24: Eichhof
A25: 0 | G25: Bestellung (Kosten) | M25: =J25*K25/60 -> 0 | N25: =J25*L25/60 -> 0 | Q25: Baumschutz: Hasendraht als Einzelbaumschutz | R25: 262 | S25: =R25*0.56/1.19 -> 123.29412 | T25: Feuerverzinktes Drahtgitter, 0,56€/Stk Brutto. Aus vorhandenen Betriebsmitteln. Hasendraht: 1 Rolle mit 1 m x 10 m --> 1 Schutz á 25 cm x 50 cm entspricht 80 Hasendrähten aus 10 m Rolle. Der Hasendraht wird ca. 2 cm in den Boden eingedreht für stabilen Halt, es sind keine weiteren Hilfsmittel notwendig. Anzahl: ohne Pappeln, da diese am Standort erfahrungsgemäß in Ruhe gelassen werden. | U25: Eichhof, Beraterteam
A26: 0 | G26: Bestellung (Kosten) | M26: =J26*K26/60 -> 0 | N26: =J26*L26/60 -> 0 | Q26: Baumschutz: Mobiler Steckzaun mit drei Litzen, doppelt gezogen | R26: 400 m | S26: =26.9*2/1.19 -> 45.210084 | T26: VOSS.farming Weidezaunlitze 400 m, 3x 0,25 Kupfer und 3x 0,20 Niro, weiß | U26: Eichhof
A27: 0 | G27: Bestellung (Kosten) | M27: =J27*K27/60 -> 0 | N27: =J27*L27/60 -> 0 | Q27: Baumschutz: Weidezaunpfähle mobil | R27: 80 | S27: =SUM(R27*1.31)/1.19 -> 88.067227 | T27: Mobile Weidezaunpfähle, 105 cm Länge, 1,31 € pro Stück, alle 5 m. | U27: Eichhof
A28: 0 | G28: Bodenbearbeitung | H28: Tiefenlockerung: Lockerung möglicher Verdichtungen für einen besseren Anwuchs der Pflanzen | I28: 45852 | J28: 20 | K28: 1 | M28: =J28*K28/60 -> 0.33333333 | N28: =J28*L28/60 -> 0 | O28: Rücstzeit: 30 min (anteilig 10 min) | P28: Trecker (Fendt Vario), Bremer Parallockerer | Q28: Maschinenkosten | R28: 27 €/h | S28: =0.2*27 -> 5.4 | T28: Der Arbeitsgang wurde für die drei neuen Agroforstsysteme gleichzeitig durchgeführt, deshalb eine anteilige Rüstzeit von 10 min | U28: Eichhof
A29: 0 | G29: Einmessen | H29: Knickdurchbruch einmessen, um die Planung zu überprüfen. | I29: 45853 | J29: 60 | K29: 2 | M29: =J29*K29/60 -> 2 | N29: =J29*L29/60 -> 0 | P29: Maßbände, Stäbe, Farbspray | Q29: Farbspray, Robinien-Stäbe (120cm) | R29: 1 Spray | S29: =7/1.19 -> 5.8823529 | T29: Baustellen-Markierspray: keine ganze Flasche nötig, ca. 7 € pro 0,5 Liter. 8 Robinienstäbe: schon vorhanden, Stückpreis: 1,05 €. Nicht berechnet, da wiederverwendet. Selbst geschnittene Haselruten o.ä. hätten auch verwendet werden können. | U29: Eichhof, Baumarktpreise für Baustellen-Markierfarbe
A30: 0 | G30: Einmessen | H30: GPS-Einmessen und GIS Planung. | I30: 45930 | J30: 20 | K30: 1 | M30: =J30*K30/60 -> 0.33333333 | N30: =J30*L30/60 -> 0 | P30: GPS Messgerät, PC (GIS-Planung)
A31: 0 | B31: =SUM(M12:M30)*D8 -> 229.16667 | C31: =SUM(N12:N30)*D9 -> 0 | D31: =SUM(S12:S30) -> 1079.6838 | E31: =SUM(B31:D31) -> 1308.8504 | F31: =SUM(V12:V30) -> 0
A32: 1 | G32: Grubbern | H32: Flach grubbern vor der Pflanzung, um den Boden zu lockern und Beikräuter zu regulieren. | I32: 2026 | J32: 20 | K32: 1 | M32: =J32*K32/60 -> 0.33333333 | N32: =J32*L32/60 -> 0 | P32: Fendt Vario; Grubber | Q32: Maschinenkosten | R32: 27 €/h | S32: =M32*17 -> 5.6666667 | U32: Eichhof
A33: 1 | G33: Pflanzung | H33: Pflanzmaschine Ligno-Planter R (geplant in Kombination mit einer Vorführung der Pflanzmaschine) | I33: 2026 | J33: 140 | K33: 1 | L33: 1 | M33: =J33*K33/60 -> 2.3333333 | N33: =J33*L33/60 -> 2.3333333 | O33: 1 zusätzliche Fachkraft wird von der Pflanzfirma bereitgestellt. 40 min Rüstzeit (Pflanzgut vorbereiten; Maschine einstellen & vorbereiten). Pflanzzeit: 200 Pflanzen/h. | P33: Pflanzmaschine Ligno-Planter R | Q33: Pflanzmaschine: Anfahrt & Logistik | S33: 300 | T33: Beraterteam: Anfahrt & Logistik der Pflanzmaschine werden pauschal berechnet (300 €); Pflanzumsatz ca. 200 Pflanzen pro Stunde. Eichhof: Leihkosten der Pflanzmaschine inkl. 1er Fachkraft € 150 / h. | U33: Eichhof, Beraterteam
A34: 1 | M34: =J34*K34/60 -> 0 | N34: =J34*L34/60 -> 0 | P34: Trecker (Fendt Vario); Pflanzmaschine Ligno-Planter R | Q34: Pflanzkosten (150 €/h, 1,8 h) | R34: 1,7 h | S34: =150*1.7 -> 255 | T34: Eichhof: Leihkosten der Pflanzmaschine inkl. 1er Fachkraft € 150 / h. | U34: Eichhof
A35: 1 | M35: =J35*K35/60 -> 0 | N35: =J35*L35/60 -> 0 | Q35: Maschinenkosten | R35: 40 €/h | S35: =40*M33 -> 93.333333 | T35: Leihtrecker vom Nachbarn | U35: Eichhof
A36: 1 | G36: Mulchen | H36: Mulchen mit Silagegrünschnitt: Mit dem Frontlader Silagemulch im Futtermischwagen mischen und zerkleinern, dann mit dem Einstreugebläse des Futtermischwagens ausbringen. 1 Person macht Baumstamm wieder frei. | I36: 2026 | J36: 90 | K36: 1 | L36: 1 | M36: =J36*K36/60 -> 1.5 | N36: =J36*L36/60 -> 1.5 | O36: Rüstzeit (inkl. Anmischen) ca. 45 min | P36: Trecker (Fendt Favorit) mit Frontlader; Futtermischwagen | Q36: Silagegrünschnitt | R36: 400 kg | S36: 40 | T36: Beladen des Futtermischwagens mit Silagegrünschnitt (nicht futtergeeignete Silage). Wird zerkleinert und gemischt und entlang des Baumstreifens ausgebracht mit Gebläse/Förderband. Eine Person muss mitgehen und die jungen Gehölze von zu viel Mulch befreien. Arbeitsgeschwindigkeit 2-3 km/h. | U36: Eichhof
A37: 1 | M37: =J37*K37/60 -> 0 | N37: =J37*L37/60 -> 0 | Q37: Maschinenkosten | R37: 17 €/h | S37: =M36*17 -> 25.5 | U37: Eichhof
A38: 1 | G38: Baumschutz befestigen | H38: Einzelbaumschutz und mobilen Baumschutz anbringen | I38: 2026 | J38: 120 | K38: 1 | L38: 1 | M38: =J38*K38/60 -> 2 | N38: =J38*L38/60 -> 2 | O38: Rüstzeit ca. 15 min | Q38: Hasendraht verzinkt, Handschuhe; Zaunmaterialien (s. Planung) | R38: s.o. | U38: Eichhof
A39: 1 | G39: Planung Knickrodung | H39: Händisches Abgehen der Arbeitsbreite der Maschine (16m) und messen welche Bäume bestehen bleiben sollen. Einmessen der Fahrbreiten der Fläche und Diskussion über sinnvolle Durchfahrt finalisieren. | I39: 2026 | J39: 120 | K39: 2 | M39: =J39*K39/60 -> 4 | N39: =J39*L39/60 -> 0 | Q39: Sonstige Kosten | S39: 500 | T39: Genehmigung der Unteren Naturschtzbehörde für die Knickrodung | U39: Eichhof
A40: 1 | G40: Knickrodung | H40: 4 h Fällen der Gehölze. 2 h mit dem Kramer Holz auflesen, entfernen und Hackschnitzel erzeugen. | I40: 2026 | J40: 240 | K40: 2.5 | M40: =J40*K40/60 -> 10 | N40: =J40*L40/60 -> 0 | O40: Fällen: 2 Personen. Holz entfernen und Hackschnitzel erzeugen: 1 Person | P40: Motorsägen, Kramer Teleskoplader | Q40: Maschinenkosten | R40: 35€/h | S40: =2*35 -> 70 | T40: Knickrodung: 32 m; Neuanlage: 64 m | U40: Eichhof
A41: 1 | G41: Fräsen | H41: Fräsen für die Neuaussaat auf der gerodeten Fläche | I41: 2026 | J41: 20 | K41: 1 | M41: =J41*K41/60 -> 0.33333333 | N41: =J41*L41/60 -> 0 | P41: Fendt Favorit, Howard Fräse | Q41: Maschinenkosten | R41: 17 €/h | S41: =M41*17 -> 5.6666667 | U41: Eichhof
A42: 1 | G42: Neuaussaat | H42: Händische Aussaat einer Kräutermischung | I42: 2026 | J42: 60 | K42: 1 | M42: =J42*K42/60 -> 1 | N42: =J42*L42/60 -> 0 | O42: 30 min Rüstzeit | Q42: Saatgut | R42: 200g | S42: =133.2/5*0.2 -> 5.328 | T42: € 133,2 für 5 kg | U42: Eichhof
A43: 1 | G43: Kompost ausbringen | H43: Mit Futtermischwagen und Fendt | I43: 2026 | J43: 60 | K43: 1 | M43: =J43*K43/60 -> 1 | N43: =J43*L43/60 -> 0 | O43: 40 min Rüstzeit | P43: Fendt, Futtermischwagen | Q43: Maschinenkosten | R43: 17 €/h, 25 € / h | S43: =(17+25)*0.3 -> 12.6 | U43: Eichhof
A44: 1 | Q44: AOR (einfacher Grünschnittkompost) | R44: 500 kg | S44: =31 -> 31 | T44: 31 Euro pro m³ | U44: Eichhof
A45: 1 | G45: Umpflanzen und Neuanlage Knick | H45: Wurzelstöcke mit Kramer entfernen und umsetzen | I45: 2026 | J45: 660 | K45: 1 | M45: =J45*K45/60 -> 11 | N45: =J45*L45/60 -> 0 | T45: Knickrodung: 32 m; Neuanlage: 64 m | U45: Eichhof
A46: 1 | G46: Erde aufschütten | H46: Muttererde aufschütten auf den neuen Knick | I46: 2026 | J46: 240 | K46: 1 | M46: =J46*K46/60 -> 4 | N46: =J46*L46/60 -> 0 | P46: Kramer Teleskoplader | Q46: Maschinenkosten | R46: 35€/h | S46: =35*4 -> 140
A47: 1 | G47: Knickschutz | H47: Einzäunung des Knicks | I47: 2026 | J47: 40 | K47: 1 | M47: =J47*K47/60 -> 0.66666667 | N47: =J47*L47/60 -> 0 | Q47: Mobilzaun mit drei Litzen | R47: 130 m | S47: =30 -> 30 | T47: VOSS.farming Weidezaunlitze 400 m, 3x 0,25 Kupfer und 3x 0,20 Niro, weiß | U47: Eichhof
A48: 1 | G48: Bewässerung | H48: Güllewagen als Wassertank mit Schlauch mit Löchern zur Bewässerung/Beregnung. | I48: 2026 | J48: 120 | K48: 1 | M48: =J48*K48/60 -> 2 | N48: =J48*L48/60 -> 0 | O48: Rüstzeit ca. 30 min, davon 10 min zum volltanken | P48: Güllewagen 10³; Trecker Fendt Farmer 110 | Q48: Wasserverbrauch | R48: 600 L | S48: 0 | T48: Eichhof: kostenloses Brunnenwasser. Das Güllefass hat eine Füllmenge von 10m³. Langsames Fahren mit 0,5km/h, mehrmaliges entlang fahren. Beraterteam: Kein weiteres Gießen geplant. Erfahrungswerte: Anwuchsgießen ist ausreichend. | U48: Eichhof, Beraterteam
A49: 1 | M49: =J49*K49/60 -> 0 | N49: =J49*L49/60 -> 0 | Q49: Maschinenkosten | R49: 27 €/h | S49: =M48*27 -> 54 | U49: Eichhof
A50: 1 | G50: Baumschutz | H50: Baumschutz kontrollieren und nachbessern | I50: 2026 | J50: 25 | K50: 1 | M50: =J50*K50/60 -> 0.41666667 | N50: =J50*L50/60 -> 0 | O50: 15 min Kontrolle, 10 min Nachbessern | T50: Da es ein robustes System mit robusten Pflanzen (Hasel,Pappel und Holunder) ist, genügt eine einmalige Kontrolle des Baumschutzes pro Jahr. | U50: Eichhof, Beraterteam
A51: 1 | B51: =(SUM(M32:M50)*D8)*(1+2%)^1 -> 910.69 | C51: =(SUM(N32:N50)*D9)*(1+2%)^1 -> 82.705 | D51: =SUM(S32:S50) -> 1568.0947 | E51: =SUM(B51:D51) -> 2561.4897 | F51: =SUM(V32:V50) -> 0
A52: 2 | G52: Nachpflanzen (falls relevant) | H52: Ausfallquote 4 % (~15 Pflanzen), händisches Nachpflanzen | I52: 2027 | J52: 60 | K52: 1 | M52: =J52*K52/60 -> 1 | N52: =J52*L52/60 -> 0 | O52: Rüstzeit: 15 min | P52: Spaten | Q52: Pflanzgut, Gehölze | R52: 15 | S52: =2.25*R52 -> 33.75 | T52: Ausfallquote: basiert auf bisherigen Erfahrungen (Eichhof, Beraterteam) Pflanzgut: aus eigener Baumschule (übriggebliebenes Pflanzgut für eventuelle Nachpflanzungen) Pflanzgutkosten: durchschnittlicher Stückpreis (Jahr 0) | U52: Eichhof, Beraterteam
A53: 2 | G53: Kontrollgänge | H53: Baumschutz kontrollieren und ggf. nachbessern. Steht der Zaun noch stabil und führt Strom? Holunder zurückschneiden, falls zu wüchsig | I53: 2027 | J53: 40 | K53: 1 | M53: =J53*K53/60 -> 0.66666667 | N53: =J53*L53/60 -> 0 | O53: 15 min Kontrolle, 10 min Nachbessern, 15 min Rückschnitt | T53: Da es ein robustes System mit robusten Pflanzen (Hasel,Pappel und Holunder) ist, genügt eine einmalige Kontrolle des Baumschutzes pro Jahr. | U53: Eichhof, Beraterteam
A54: 2 | G54: Mulchen | H54: Mulchen mit Silagegrünschnitt: Mit dem Frontlader Silagemulch im Futtermischwagen mischen und zerkleinern, dann mit dem Einstreugebläse des Futtermischwagens ausbringen. 1 Person macht Baumstamm wieder frei. | I54: 2027 | J54: 90 | K54: 1 | L54: 1 | M54: =J54*K54/60 -> 1.5 | N54: =J54*L54/60 -> 1.5 | O54: Rüstzeit (inkl. Anmischen) ca. 45 min | P54: Trecker mit Frontlader; Futtermischwagen | Q54: Silagegrünschnitt | R54: 400 kg | S54: 40 | T54: Beladen des Futtermischwagens mit Silagegrünschnitt (nicht futtergeeignete Silage). Wird zerkleinert und gemischt und entlang des Baumstreifens ausgebracht mit Gebläse/Förderband. Eine Person muss mitgehen und die jungen Gehölze von zu viel Mulch befreien. Arbeitsgeschwindigkeit 2-3 km/h. | U54: Eichhof
A55: 2 | M55: =J55*K55/60 -> 0 | N55: =J55*L55/60 -> 0 | Q55: Maschinenkosten | R55: 27 €/h, 25 €/h | S55: =32*M54 -> 48 | U55: Eichhof
A56: 2 | B56: =(SUM(M52:M55)*D8)*(1+2%)^2 -> 72.4812 | C56: =(SUM(N52:N55)*D9)*(1+2%)^2 -> 21.69234 | D56: =SUM(S52:S55) -> 121.75 | E56: =SUM(B56:D56) -> 215.92354 | F56: =SUM(V52:V55) -> 0
A57: 3 | G57: Kontrollgänge | H57: Baumschutz kontrollieren und ggf. nachbessern. Steht der Zaun noch stabil und führt Strom? Holunder zurückschneiden, falls zu wüchsig | I57: 2028 | J57: 40 | K57: 1 | M57: =J57*K57/60 -> 0.66666667 | N57: =J57*L57/60 -> 0 | T57: Da es ein robustes System mit robusten Pflanzen (Hasel,Pappel und Holunder) ist, genügt eine einmalige Kontrolle des Baumschutzes pro Jahr. | U57: Eichhof, Beraterteam
A58: 3 | G58: Aufasten der Pappeln und Eichen | H58: Mit Astschere. Entfernung der unteren Äste; freihalten der Begleitgehölze | I58: 2028 | J58: =104*2 -> 208 | K58: 1 | M58: =J58*K58/60 -> 3.4666667 | N58: =J58*L58/60 -> 0 | O58: Circa 2 min pro Baum, inklusive Rüstzeit (60 Pappeln, 54 Eichen) | Q58: Astschere, Rosenschere | T58: 60 von 100 Pappeln werden zum Aufasten ausgewählt | U58: Eichhof
A59: 3 | B59: =(SUM(M57:M58)*D8)*(1+2%)^3 -> 96.499181 | C59: =(SUM(N57:N58)*D9)*(1+2%)^3 -> 0 | D59: =SUM(S57:S58) -> 0 | E59: =SUM(B59:D59) -> 96.499181 | F59: =SUM(V57:V58) -> 0
A60: 4 | G60: Baumschutz | H60: Entfernen des Hasendrahts mit einer Drahtschere. | I60: 2029 | J60: 100 | L60: 1 | M60: =J60*K60/60 -> 0 | N60: =J60*L60/60 -> 1.6666667 | Q60: Schubkarre, Handschuhe, Drahtschere | T60: Entfernen des Hasendrahts für die bessere Etablierung eines buschigen Wuchses der Pflanzen. | U60: Eichhof
A61: 4 | G61: Kontrollgänge | H61: Steht der Zaun noch stabil und führt Strom? Holunder zurückschneiden, falls zu wüchsig | I61: 2029 | J61: 40 | K61: 1 | M61: =J61*K61/60 -> 0.66666667 | N61: =J61*L61/60 -> 0 | T61: Da es ein robustes System mit robusten Pflanzen (Hasel,Pappel und Holunder) ist, genügt eine einmalige Kontrolle des Baumschutzes pro Jahr. | U61: Eichhof
A62: 4 | G62: Aufasten der Pappeln und Eichen | H62: Mit Astschere. Entfernung der unteren Äste; freihalten der Begleitgehölze | I62: 2029 | J62: =104*2 -> 208 | K62: 1 | M62: =J62*K62/60 -> 3.4666667 | N62: =J62*L62/60 -> 0 | O62: Circa 2 min pro Baum, inklusive Rüstzeit (60 Pappeln, 54 Eichen) | Q62: Astschere, Rosenschere | U62: Eichhof
A63: 4 | G63: Futterlaub: Rückschnitt | H63: (1) seitlicher Rinderfraß, gesamte Länge; (2) Höhenbegrenzung, Rückschnitt als Kopfbaum, 50% des Agroforststreifens | I63: 2029 | J63: =20*9 -> 180 | K63: 1 | M63: =J63*K63/60 -> 3 | N63: =J63*L63/60 -> 0 | O63: 20 min wöchentlich von Juni bis Juli (9 Wochen) | P63: Handsäge, Astschere | T63: Holunder, Maulbeere (Monetärer Wert: s. Futterlauberlöse, Ansatz 2) | U63: Eichhof | V63: =Futterlauberlöse!A33*(1+3%)^4 -> 7.279791
A64: 4 | B64: =(SUM(M60:M63)*D8)*(1+2%)^4 -> 169.86969 | C64: =(SUM(N60:N63)*D9)*(1+2%)^4 -> 25.076345 | D64: =SUM(S60:S63) -> 0 | E64: =SUM(B64:D64) -> 194.94603 | F64: =SUM(V60:V63) -> 7.279791
A65: 5 | G65: Kontrollgänge | H65: Steht der Zaun noch stabil und führt Strom? Holunder zurückschneiden, falls zu wüchsig | I65: 2030 | J65: 30 | K65: 1 | M65: =J65*K65/60 -> 0.5 | N65: =J65*L65/60 -> 0 | T65: Ab 5 Jahren kann auf eine Litze reduziert werden, damit Kälbchen ggf. grasen können, aber weiterhin Schutz besteht vor Rindern. | U65: Eichhof
A66: 5 | G66: Aufasten der Pappeln und Eichen | H66: Mit Astschere. Entfernung der unteren Äste; freihalten der Begleitgehölze | I66: 2030 | J66: =104*2 -> 208 | K66: 1 | M66: =J66*K66/60 -> 3.4666667 | N66: =J66*L66/60 -> 0 | O66: Circa 2 min pro Baum, inklusive Rüstzeit (60 Pappeln, 54 Eichen) | Q66: Astschere, Rosenschere | U66: Eichhof
A67: 5 | G67: Futterlaub: Rückschnitt | H67: (1) seitlicher Rinderfraß, gesamte Länge; (2) Höhenbegrenzung, Rückschnitt als Kopfbaum, 50% des Agroforststreifens | I67: 2030 | J67: =20*9 -> 180 | K67: 1 | M67: =J67*K67/60 -> 3 | N67: =J67*L67/60 -> 0 | O67: 20 min wöchentlich von Juni bis Juli (9 Wochen) | P67: Handsäge, Astschere | T67: Holunder, Maulbeere (Monetärer Wert: s. Futterlauberlöse, Ansatz 2). Hinweis: Ab 5 Jahren kann auf eine Litze reduziert werden, damit Kälbchen grasen können, aber weiterhin Schutz besteht vor Rindern. | U67: Eichhof | V67: =Futterlauberlöse!A33*(1+3%)^5 -> 7.4981847
A68: 5 | B68: =(SUM(M65:M67)*D8)*(1+2%)^5 -> 169.21878 | C68: =(SUM(N65:N67)*D9)*(1+2%)^5 -> 0 | D68: =SUM(S65:S67) -> 0 | E68: =SUM(B68:D68) -> 169.21878 | F68: =SUM(V65:V67) -> 7.4981847
A69: 6 | G69: Kontrollgänge | H69: Steht der Zaun noch stabil und führt Strom? Holunder zurückschneiden, falls zu wüchsig | I69: 2031 | J69: 30 | K69: 1 | M69: =J69*K69/60 -> 0.5 | N69: =J69*L69/60 -> 0 | U69: Eichhof
A70: 6 | G70: Aufasten der Pappeln und Eichen | H70: Mit Astschere. Entfernung der unteren Äste; freihalten der Begleitgehölze | I70: 2031 | J70: =104*2 -> 208 | K70: 1 | M70: =J70*K70/60 -> 3.4666667 | N70: =J70*L70/60 -> 0 | O70: Circa 2 min pro Baum, inklusive Rüstzeit (60 Pappeln, 54 Eichen) | Q70: Astschere, Rosenschere | U70: Eichhof
A71: 6 | G71: Futterlaub: Rückschnitt | H71: (1) seitlicher Rinderfraß, gesamte Länge; (2) Höhenbegrenzung, Rückschnitt als Kopfbaum, 50% des Agroforststreifens | I71: 2031 | J71: =20*9 -> 180 | K71: 1 | M71: =J71*K71/60 -> 3 | N71: =J71*L71/60 -> 0 | O71: 20 min wöchentlich von Juni bis Juli (9 Wochen) | P71: Handsäge, Astschere | T71: Holunder, Maulbeere (Monetärer Wert: s. Futterlauberlöse, Ansatz 2) | U71: Eichhof | V71: =Futterlauberlöse!A33*(1+3%)^6 -> 7.7231303
A72: 6 | B72: =(SUM(M69:M71)*D8)*(1+2%)^6 -> 172.60316 | C72: =(SUM(N69:N71)*D9)*(1+2%)^6 -> 0 | D72: =SUM(S69:S71) -> 0 | E72: =SUM(B72:D72) -> 172.60316 | F72: =SUM(V69:V71) -> 7.7231303
A73: 7 | G73: Kontrollgänge | H73: Steht der Zaun noch stabil und führt Strom? | I73: 2032 | J73: 15 | K73: 1 | M73: =J73*K73/60 -> 0.25 | N73: =J73*L73/60 -> 0 | T73: Ab 5 Jahren kann auf eine Litze reduziert werden, damit Kälbchen ggf. grasen können, aber weiterhin Schutz besteht vor Rindern. | U73: Eichhof
A74: 7 | G74: Aufasten der Pappeln und Eichen | H74: Mit Astschere | I74: 2032 | J74: =104*2 -> 208 | K74: 1 | M74: =J74*K74/60 -> 3.4666667 | N74: =J74*L74/60 -> 0 | O74: Circa 2 min pro Baum, inklusive Rüstzeit (60 Pappeln, 54 Eichen) | Q74: Astschere | U74: Eichhof
A75: 7 | G75: Futterlaub: Rückschnitt | H75: (1) seitlicher Rinderfraß, gesamte Länge; (2) Höhenbegrenzung, Rückschnitt als Kopfbaum, 50% des Agroforststreifens | I75: 2032 | J75: =20*9 -> 180 | K75: 1 | M75: =J75*K75/60 -> 3 | N75: =J75*L75/60 -> 0 | O75: 20 min wöchentlich von Juni bis Juli (9 Wochen) | P75: Handsäge, Astschere | T75: Holunder, Maulbeere (Monetärer Wert: s. Futterlauberlöse, Ansatz 2) | U75: Eichhof | V75: =Futterlauberlöse!A32*(1+3%)^7 -> 11.364035
A76: 7 | B76: =(SUM(M73:M75)*D8)*(1+2%)^7 -> 169.73745 | C76: =(SUM(N73:N75)*D9)*(1+2%)^7 -> 0 | D76: =SUM(S73:S75) -> 0 | E76: =SUM(B76:D76) -> 169.73745 | F76: =SUM(V73:V75) -> 11.364035
A77: 8 | G77: Kontrollgänge | H77: Steht der Zaun noch stabil und führt Strom? | I77: 2033 | J77: 15 | K77: 1 | M77: =J77*K77/60 -> 0.25 | N77: =J77*L77/60 -> 0 | U77: Eichhof
A78: 8 | G78: Aufasten der Pappeln und Eichen | H78: Mit Astschere. | I78: 2033 | J78: =104*2 -> 208 | K78: 1 | M78: =J78*K78/60 -> 3.4666667 | N78: =J78*L78/60 -> 0 | O78: Circa 2 min pro Baum, inklusive Rüstzeit (60 Pappeln, 54 Eichen) | Q78: Astschere | U78: Eichhof
A79: 8 | G79: Futterlaub: Rückschnitt | H79: (1) seitlicher Rinderfraß, gesamte Länge; (2) Höhenbegrenzung, Rückschnitt als Kopfbaum, 50% des Agroforststreifens | I79: 2033 | J79: =20*9 -> 180 | K79: 1 | M79: =J79*K79/60 -> 3 | N79: =J79*L79/60 -> 0 | O79: 20 min wöchentlich von Juni bis Juli (9 Wochen) | P79: Handsäge, Astschere | T79: Holunder, Maulbeere (Monetärer Wert: s. Futterlauberlöse, Ansatz 2) | U79: Eichhof | V79: =Futterlauberlöse!A32*(1+3%)^8 -> 11.704956
A80: 8 | B80: =(SUM(M77:M79)*D8)*(1+2%)^8 -> 173.1322 | C80: =(SUM(N77:N79)*D9)*(1+2%)^8 -> 0 | D80: =SUM(S77:S79) -> 0 | E80: =SUM(B80:D80) -> 173.1322 | F80: =SUM(V77:V79) -> 11.704956
A81: 9 | G81: Kontrollgänge | H81: Steht der Zaun noch stabil und führt Strom? | I81: 2034 | J81: 15 | K81: 1 | M81: =J81*K81/60 -> 0.25 | N81: =J81*L81/60 -> 0 | U81: Eichhof
A82: 9 | G82: Aufasten der Pappeln und Eichen | H82: Mit Astschere / Teleskopschere | I82: 2034 | J82: =104*3 -> 312 | K82: 1 | M82: =J82*K82/60 -> 5.2 | N82: =J82*L82/60 -> 0 | O82: Circa 3 min pro Baum, inklusive Rüstzeit (60 Pappeln, 54 Eichen) | Q82: Astschere, Teleskopschere | T82: Mit zunehmender Baumhöhe zunehmend aufwändiger | U82: Agroforstsysteme zur Wertholzerzeugung
A83: 9 | G83: Futterlaub: Rückschnitt | H83: (1) seitlicher Rinderfraß, gesamte Länge; (2) Höhenbegrenzung, Rückschnitt als Kopfbaum, 50% des Agroforststreifens | I83: 2034 | J83: =20*9 -> 180 | K83: 1 | M83: =J83*K83/60 -> 3 | N83: =J83*L83/60 -> 0 | O83: 20 min wöchentlich von Juni bis Juli (9 Wochen) | P83: Handsäge, Astschere | T83: Holunder, Maulbeere (Monetärer Wert: s. Futterlauberlöse, Ansatz 2) | U83: Eichhof | V83: =Futterlauberlöse!A32*(1+3%)^8 -> 11.704956
A84: 9 | B84: =(SUM(M81:M83)*D8)*(1+2%)^9 -> 222.16771 | C84: =(SUM(N81:N83)*D9)*(1+2%)^9 -> 0 | D84: =SUM(S81:S83) -> 0 | E84: =SUM(B84:D84) -> 222.16771 | F84: =SUM(V81:V83) -> 11.704956
A85: 10 | G85: Kontrollgänge | H85: Steht der Zaun noch stabil und führt Strom? | I85: 2035 | J85: 15 | K85: 1 | M85: =J85*K85/60 -> 0.25 | N85: =J85*L85/60 -> 0 | U85: Eichhof
A86: 10 | G86: Aufasten der Pappeln und Eichen | H86: Mit Astschere / Teleskopschere | I86: 2035 | J86: =104*3 -> 312 | K86: 1 | M86: =J86*K86/60 -> 5.2 | N86: =J86*L86/60 -> 0 | O86: Circa 3 min pro Baum, inklusive Rüstzeit (60 Pappeln, 54 Eichen) | Q86: Astschere, Teleskopschere | T86: Mit zunehmender Baumhöhe zunehmend aufwändiger | U86: Agroforstsysteme zur Wertholzerzeugung
A87: 10 | G87: Futterlaub: Rückschnitt | H87: (1) seitlicher Rinderfraß, gesamte Länge; (2) Höhenbegrenzung, Rückschnitt als Kopfbaum, 50% des Agroforststreifens | I87: 2035 | J87: =20*9 -> 180 | K87: 1 | M87: =J87*K87/60 -> 3 | N87: =J87*L87/60 -> 0 | O87: 20 min wöchentlich von Juni bis Juli (9 Wochen) | P87: Handsäge, Astschere | T87: Holunder, Maulbeere (Monetärer Wert: s. Futterlauberlöse, Ansatz 2) | U87: Eichhof | V87: =Futterlauberlöse!A32*(1+3%)^10 -> 12.417787
A88: 10 | B88: =(SUM(M85:M87)*D8)*(1+2%)^10 -> 226.61106 | C88: =(SUM(N85:N87)*D9)*(1+2%)^10 -> 0 | D88: =SUM(S85:S87) -> 0 | E88: =SUM(B88:D88) -> 226.61106 | F88: =SUM(V85:V87) -> 12.417787
A89: 11 | G89: Kontrollgänge | H89: Steht der Zaun noch stabil und führt Strom? | I89: 2036 | J89: 15 | K89: 1 | M89: =J89*K89/60 -> 0.25 | N89: =J89*L89/60 -> 0 | U89: Eichhof
A90: 11 | G90: Aufasten der Pappeln und Eichen | H90: Mit Astschere / Teleskopschere | I90: 2036 | J90: =104*4 -> 416 | K90: 1 | M90: =J90*K90/60 -> 6.9333333 | N90: =J90*L90/60 -> 0 | O90: Circa 4 min pro Baum, inklusive Rüstzeit (60 Pappeln, 54 Eichen) | Q90: Astschere, Teleskopschere | T90: Mit zunehmender Baumhöhe zunehmend aufwändiger | U90: Agroforstsysteme zur Wertholzerzeugung
A91: 11 | G91: Futterlaub: Rückschnitt | H91: (1) seitlicher Rinderfraß, gesamte Länge; (2) Höhenbegrenzung, Rückschnitt als Kopfbaum, 50% des Agroforststreifens | I91: 2036 | J91: =20*9 -> 180 | K91: 1 | M91: =J91*K91/60 -> 3 | N91: =J91*L91/60 -> 0 | O91: 20 min wöchentlich von Juni bis Juli (9 Wochen) | P91: Handsäge, Astschere | T91: Holunder, Maulbeere (Monetärer Wert: s. Futterlauberlöse, Ansatz 2) | U91: Eichhof | V91: =Futterlauberlöse!A32*(1+3%)^11 -> 12.790321
A92: 11 | B92: =(SUM(M89:M91)*D8)*(1+2%)^11 -> 278.55729 | C92: =(SUM(N89:N91)*D9)*(1+2%)^11 -> 0 | D92: =SUM(S89:S91) -> 0 | E92: =SUM(B92:D92) -> 278.55729 | F92: =SUM(V89:V91) -> 12.790321
A93: 12 | G93: Kontrollgänge | H93: Steht der Zaun noch stabil und führt Strom? | I93: 2037 | J93: 15 | K93: 1 | M93: =J93*K93/60 -> 0.25 | N93: =J93*L93/60 -> 0 | U93: Eichhof
A94: 12 | G94: Aufasten der Pappeln und Eichen | H94: Mit Astschere / Teleskopschere | I94: 2037 | J94: =104*4 -> 416 | K94: 1 | M94: =J94*K94/60 -> 6.9333333 | N94: =J94*L94/60 -> 0 | O94: Circa 4 min pro Baum, inklusive Rüstzeit (60 Pappeln, 54 Eichen) | Q94: Astschere, Teleskopschere | T94: Mit zunehmender Baumhöhe zunehmend aufwändiger | U94: Agroforstsysteme zur Wertholzerzeugung
A95: 12 | G95: Futterlaub: Rückschnitt | H95: (1) seitlicher Rinderfraß, gesamte Länge; (2) Höhenbegrenzung, Rückschnitt als Kopfbaum, 50% des Agroforststreifens | I95: 2037 | J95: =20*9 -> 180 | K95: 1 | M95: =J95*K95/60 -> 3 | N95: =J95*L95/60 -> 0 | O95: 20 min wöchentlich von Juni bis Juli (9 Wochen) | P95: Handsäge, Astschere | T95: Holunder, Maulbeere (Monetärer Wert: s. Futterlauberlöse, Ansatz 2) | U95: Eichhof | V95: =Futterlauberlöse!A32*(1+3%)^12 -> 13.174031
A96: 12 | B96: =(SUM(M93:M95)*D8)*(1+2%)^12 -> 284.12844 | C96: =(SUM(N93:N95)*D9)*(1+2%)^12 -> 0 | D96: =SUM(S93:S95) -> 0 | E96: =SUM(B96:D96) -> 284.12844 | F96: =SUM(V93:V95) -> 13.174031
A97: 13 | G97: Kontrollgänge | H97: Steht der Zaun noch stabil und führt Strom? | I97: 2038 | J97: 15 | K97: 1 | M97: =J97*K97/60 -> 0.25 | N97: =J97*L97/60 -> 0 | U97: Eichhof
A98: 13 | G98: Aufasten der Pappeln und Eichen | H98: Mit Astschere / Teleskopschere | I98: 2038 | J98: =104*5 -> 520 | K98: 1 | M98: =J98*K98/60 -> 8.6666667 | N98: =J98*L98/60 -> 0 | O98: Circa 5 min pro Baum, inklusive Rüstzeit (60 Pappeln, 54 Eichen) | Q98: Astschere, Teleskopschere | T98: Mit zunehmender Baumhöhe zunehmend aufwändiger | U98: Agroforstsysteme zur Wertholzerzeugung
A99: 13 | G99: Futterlaub: Rückschnitt | H99: (1) seitlicher Rinderfraß, gesamte Länge; (2) Höhenbegrenzung, Rückschnitt als Kopfbaum, 50% des Agroforststreifens | I99: 2038 | J99: =20*9 -> 180 | K99: 1 | M99: =J99*K99/60 -> 3 | N99: =J99*L99/60 -> 0 | O99: 20 min wöchentlich von Juni bis Juli (9 Wochen) | P99: Handsäge, Astschere | T99: Holunder, Maulbeere (Monetärer Wert: s. Futterlauberlöse, Ansatz 2) | U99: Eichhof | V99: =Futterlauberlöse!A32*(1+3%)^13 -> 13.569252
A100: 13 | B100: =(SUM(M97:M99)*D8)*(1+2%)^13 -> 339.14054 | C100: =(SUM(N97:N99)*D9)*(1+2%)^13 -> 0 | D100: =SUM(S97:S99) -> 0 | E100: =SUM(B100:D100) -> 339.14054 | F100: =SUM(V97:V99) -> 13.569252
A101: 14 | G101: Kontrollgänge | H101: Steht der Zaun noch stabil und führt Strom? | I101: 2039 | J101: 15 | K101: 1 | M101: =J101*K101/60 -> 0.25 | N101: =J101*L101/60 -> 0 | U101: Eichhof
...

Sheet Pappelerlöse
A1: Erlöse aus Pappelwertholz
A2: Quelle: https://agroforst-info.de/wp-content/uploads/2025/12/2025-DeFAF.KTBL-Handreichung_AFS.Ertraege.Teil1_Chalmin29.12.25.pdf
A3: Durchschnittlicher BHD-Zuwachs in AFS: 2,5 cm /Jahr
A4: Durchschnittlicher Preis 2018-2025: ~85 €/FM
A6: 3% jährlicher Preiszuwachs
A8: Nach 25 Jahren: | B8: 62,5 cm BHD
A9: Bei 5 m Höhe: | B9: 1,5 Festmeter
A10: =(85*(1+3%)^25)*1.5 -> 266.95669 | B10: pro Festmeter (3% jährlicher Preiszuwachs)
A11: =A10*20 -> 5339.1337 | B11: für 20 Pappeln
A13: Nach 23 Jahren: | B13: 57,5 cm BHD
A14: Bei 5 m Höhe: | B14: 1,3 Festmeter
A15: =(85*(1+3%)^23)*1.3 -> 218.08131 | B15: pro Festmeter (3% jährlicher Preiszuwachs)
A16: =A15*20 -> 4361.6262 | B16: für 20 Pappeln
A18: Nach 21 Jahren: | B18: 52,5 cm BHD
A19: Bei 5 m Höhe: | B19: 1,05 Festmeter
A20: =(85*(1+3%)^21)*1.05 -> 166.03129 | B20: pro Festmeter (3% jährlicher Preiszuwachs)
A21: =A20*20 -> 3320.6258 | B21: für 20 Pappeln

Sheet Futterlauberlöse
A1: Futterlauberlöse (Laut Leitfaden wird ab Jahr 5 geerntet)
A2: Gibt es neue Erkenntnisse zu den Futterlauberträgen von Holunder (Sambucus nigra) und Maulbeeren (Morus nigra)? Bitte an oekonomie@defaf.de weiterleiten, um die Berechnungen zu aktualisieren.
A3: Ansatz 2 wurde ausgewählt, da das Futterlaub im Hochsommer frisch zugefüttert werden soll
A5: Baumstreifen: | B5: insg. 182 m Länge, 2m Breite. Fläche: 364 m² = 0,04 ha
A8: Ansatz 1: Laubheu als Heuersatz
A9: Orientierungswert: | B9: 125 kg Laubreisig entspricht etwa 100 kg mittelgutem Wiesenheu | H9: Quelle: M. Machatschek, Laubgeschichten
A10: Aktueller Heupreis in S-H: | B10: 140€ / t | H10: Quelle: https://www.agrarheute.com/pflanze/gruenland/heupreise-soviel-kostet-tonne-heu-444943
B11: 10% Aufschlag für Heu in BioQualität (Annahme): = 155 € / t
A13: Holunder:
A14: Orientierungswerte: | B14: 1,4 t TM pro ha und Jahr bei einer ungedüngten, dreijährigen Pflanzung als Futterlaub | H14: Quelle: https://revistas.uptc.edu.co/index.php/ciencia_en_desarrollo/article/download/9098/8635/33004
B15: Da Holunder erst nach 6-7 Jahren ausgewachsen ist: ~ 3 t TM pro ha und Jahr ab Jahr 7 (ungedüngt)
A16: Anteil Holunder im Baumstreifen: | B16: 172 Pflanzen von insg. 362 Pflanzen = 47,5% (~50%); 50% der Fläche entspricht 0,02 ha
A17: Ertrag: | B17: 60 kg TM / Jahr auf 0,02 ha (bei 3 t TM/ ha & Jahr)
A18: Entspricht: | B18: ~48 kg mittelgutem Wiesenheu (s.o.) und damit einem Wert von € 7,44
A20: Maulbeere
A21: 18 Pflanzen, wird hier wie Holunder behandelt
A23: Holunder & Maulbeere:
A24: Anteil im Baumstreifen: | B24: 190 Pflanzen von insg. 362 Pflanzen = ~55%, das entspricht 0,022 ha
A25: Ertrag: | B25: 66 kg TM / Jahr auf 0,022 ha (bei 3 t TM/ ha & Jahr)
A26: Entspricht: | B26: 53 kg mittelgutem Wiesenheu (s.o.) und damit einem Wert von € 8,23
A29: Ansatz 2: Als Ergänzung zur extensiven Weide
A30: Monetärer Wert extensiver Weide für Milchkühe: 14 € / dt TM & Jahr | H30: Quelle: https://www.lksh.de/fileadmin/PDFs/Landwirtschaft/Markt/Kalk_tier_25_26.pdf
A31: 66 kg Futterlaub: | B31: 0,66 dt * € 14 = € 9,24 pro Jahr
A32: =9.24 -> 9.24 | B32: jährlich ab Jahr 7 | D32: 3% jährlicher Preiszuwachs
A33: =A32*0.7 -> 6.468 | B33: Jahr 4 bis 6

Sheet Januar
A1: Januar | B1: 01.01. | C1: 02.01. | D1: 03.01. | E1: 04.01. | F1: 05.01. | G1: 06.01. | H1: 07.01. | I1: 08.01. | J1: 09.01. | K1: 10.01. | L1: 11.01. | M1: 12.01. | N1: 13.01. | O1: 14.01. | P1: 15.01. | Q1: 16.01. | R1: 17.01. | S1: 18.01. | T1: 19.01. | U1: 20.01. | V1: 21.01. | W1: 22.01. | X1: 23.01. | Y1: 24.01. | Z1: 25.01. | AA1: 26.01. | AB1: 27.01. | AC1: 28.01. | AD1: 29.01. | AE1: 30.01. | AF1: 31.01. | AG1: Gesamt
A2: Lebensmittel | AF2: 8 | AG2: Lebensmittel
AG6: =SUM(B2:AF6) -> 8
A7: auswärts essen | AF7: 10 | AG7: auswärts essen
AG10: =SUM(B7:AF10) -> 10
A11: Transport | AF11: 12 | AG11: Transport
AG14: =SUM(B11:AF14) -> 12
A15: Kleidung | AF15: 20 | AG15: Kleidung
AG19: =SUM(B15:AF19) -> 20
A20: Freizeit | AG20: Freizeit
AG24: =SUM(B20:AF24) -> 0
A25: Hygiene/Kosmetik | AG25: Hygiene/Kosmetik
AG29: =SUM(B25:AF29) -> 0
A30: Bildung | AG30: Bildung
AG34: =SUM(B30:AF34) -> 0
A35: ? | AG35: ?
AG37: =SUM(B35:AF37) -> 0
A38: ? | AG38: ?
AG40: =SUM(B38:AF40) -> 0
A41: Sonstiges | AG41: Sonstiges
AG44: =SUM(B41:AF44) -> 0
A45: TOTAL | B45: =SUM(B2:B44) -> 0 | C45: =SUM(C2:C44) -> 0 | D45: =SUM(D2:D44) -> 0 | E45: =SUM(E2:E44) -> 0 | F45: =SUM(F2:F44) -> 0 | G45: =SUM(G2:G44) -> 0 | H45: =SUM(H2:H44) -> 0 | I45: =SUM(I2:I44) -> 0 | ... AF45: =SUM(AF2:AF44) -> 50 | AG45: =SUM(B45:AF45) -> 50

Sheet Februar
A1: Februar | B1: 01.02. | C1: 02.02. | D1: 03.02. | E1: 04.02. | F1: 05.02. | G1: 06.02. | H1: 07.02. | I1: 08.02. | J1: 09.02. | K1: 10.02. | L1: 11.02. | M1: 12.02. | N1: 13.02. | O1: 14.02. | P1: 15.02. | Q1: 16.02. | R1: 17.02. | S1: 18.02. | T1: 19.02. | U1: 20.02. | V1: 21.02. | W1: 22.02. | X1: 23.02. | Y1: 24.02. | Z1: 25.02. | AA1: 26.02. | AB1: 27.02. | AC1: 28.02. | AD1: Gesamt
A2: Lebensmittel | AD2: Lebensmittel
AD6: =SUM(B2:AC6) -> 0
A7: auswärts essen | AD7: auswärts essen
AD10: =SUM(B7:AC10) -> 0
A11: Transport | AD11: Transport
AD14: =SUM(B11:AC14) -> 0
A15: Kleidung | AD15: Kleidung
AD19: =SUM(B15:AC19) -> 0
A20: Freizeit | AD20: Freizeit
AD24: =SUM(B20:AC24) -> 0
A25: Hygiene/Kosmetik | AD25: Hygiene/Kosmetik
AD29: =SUM(B25:AC29) -> 0
A30: Bildung | AD30: Bildung
AD34: =SUM(B30:AC34) -> 0
A35: ? | AD35: ?
AD37: =SUM(B35:AC37) -> 0
A38: ? | AD38: ?
AD40: =SUM(B38:AC40) -> 0
A41: Sonstiges | AD41: Sonstiges
AD44: =SUM(B41:AC44) -> 0
A45: TOTAL | B45: =SUM(B2:B44) -> 0 | C45: =SUM(C2:C44) -> 0 | D45: =SUM(D2:D44) -> 0 | E45: =SUM(E2:E44) -> 0 | F45: =SUM(F2:F44) -> 0 | G45: =SUM(G2:G44) -> 0 | H45: =SUM(H2:H44) -> 0 | I45: =SUM(I2:I44) -> 0 | ... AC45: =SUM(AC2:AC44) -> 0 | AD45: =SUM(B45:AC45) -> 0

Sheet März
A1: März | B1: 01.03. | C1: 02.03. | D1: 03.03. | E1: 04.03. | F1: 05.03. | G1: 06.03. | H1: 07.03. | I1: 08.03. | J1: 09.03. | K1: 10.03. | L1: 11.03. | M1: 12.03. | N1: 13.03. | O1: 14.03. | P1: 15.03. | Q1: 16.03. | R1: 17.03. | S1: 18.03. | T1: 19.03. | U1: 20.03. | V1: 21.03. | W1: 22.03. | X1: 23.03. | Y1: 24.03. | Z1: 25.03. | AA1: 26.03. | AB1: 27.03. | AC1: 28.03. | AD1: 29.03. | AE1: 30.03. | AF1: 31.03. | AG1: Gesamt
A2: Lebensmittel | AG2: Lebensmittel
AG6: =SUM(B2:AF6) -> 0
A7: auswärts essen | AG7: auswärts essen
AG10: =SUM(B7:AF10) -> 0
A11: Transport | AG11: Transport
AG14: =SUM(B11:AF14) -> 0
A15: Kleidung | AG15: Kleidung
AG19: =SUM(B15:AF19) -> 0
A20: Freizeit | AG20: Freizeit
AG24: =SUM(B20:AF24) -> 0
A25: Hygiene/Kosmetik | AG25: Hygiene/Kosmetik
AG29: =SUM(B25:AF29) -> 0
A30: Bildung | AG30: Bildung
AG34: =SUM(B30:AF34) -> 0
A35: ? | AG35: ?
AG37: =SUM(B35:AF37) -> 0
A38: ? | AG38: ?
AG40: =SUM(B38:AF40) -> 0
A41: Sonstiges | AG41: Sonstiges
AG44: =SUM(B41:AF44) -> 0
A45: TOTAL | B45: =SUM(B2:B44) -> 0 | C45: =SUM(C2:C44) -> 0 | D45: =SUM(D2:D44) -> 0 | E45: =SUM(E2:E44) -> 0 | F45: =SUM(F2:F44) -> 0 | G45: =SUM(G2:G44) -> 0 | H45: =SUM(H2:H44) -> 0 | I45: =SUM(I2:I44) -> 0 | ... AF45: =SUM(AF2:AF44) -> 0 | AG45: =SUM(B45:AF45) -> 0

Sheet April
A1: April | B1: 01.04. | C1: 02.04. | D1: 03.04. | E1: 04.04. | F1: 05.04. | G1: 06.04. | H1: 07.04. | I1: 08.04. | J1: 09.04. | K1: 10.04. | L1: 11.04. | M1: 12.04. | N1: 13.04. | O1: 14.04. | P1: 15.04. | Q1: 16.04. | R1: 17.04. | S1: 18.04. | T1: 19.04. | U1: 20.04. | V1: 21.04. | W1: 22.04. | X1: 23.04. | Y1: 24.04. | Z1: 25.04. | AA1: 26.04. | AB1: 27.04. | AC1: 28.04. | AD1: 29.04. | AE1: 30.04. | AF1: Gesamt
A2: Lebensmittel | AF2: Lebensmittel
AF6: =SUM(B2:AE6) -> 0
A7: auswärts essen | AF7: auswärts essen
AF10: =SUM(B7:AE10) -> 0
A11: Transport | AF11: Transport
AF14: =SUM(B11:AE14) -> 0
A15: Kleidung | AF15: Kleidung
AF19: =SUM(B15:AE19) -> 0
A20: Freizeit | AF20: Freizeit
AF24: =SUM(B20:AE24) -> 0
A25: Hygiene/Kosmetik | AF25: Hygiene/Kosmetik
AF29: =SUM(B25:AE29) -> 0
A30: Bildung | AF30: Bildung
AF34: =SUM(B30:AE34) -> 0
A35: ? | AF35: ?
AF37: =SUM(B35:AE37) -> 0
A38: ? | AF38: ?
AF40: =SUM(B38:AE40) -> 0
A41: Sonstiges | AF41: Sonstiges
AF44: =SUM(B41:AE44) -> 0
A45: TOTAL | B45: =SUM(B2:B44) -> 0 | C45: =SUM(C2:C44) -> 0 | D45: =SUM(D2:D44) -> 0 | E45: =SUM(E2:E44) -> 0 | F45: =SUM(F2:F44) -> 0 | G45: =SUM(G2:G44) -> 0 | H45: =SUM(H2:H44) -> 0 | I45: =SUM(I2:I44) -> 0 | ... AE45: =SUM(AE2:AE44) -> 0 | AF45: =SUM(B45:AE45) -> 0

Sheet Mai
A1: Mai | B1: 01.05. | C1: 02.05. | D1: 03.05. | E1: 04.05. | F1: 05.05. | G1: 06.05. | H1: 07.05. | I1: 08.05. | J1: 09.05. | K1: 10.05. | L1: 11.05. | M1: 12.05. | N1: 13.05. | O1: 14.05. | P1: 15.05. | Q1: 16.05. | R1: 17.05. | S1: 18.05. | T1: 19.05. | U1: 20.05. | V1: 21.05. | W1: 22.05. | X1: 23.05. | Y1: 24.05. | Z1: 25.05. | AA1: 26.05. | AB1: 27.05. | AC1: 28.05. | AD1: 29.05. | AE1: 30.05. | AF1: 31.05. | AG1: Gesamt
A2: Lebensmittel | AG2: Lebensmittel
AG6: =SUM(B2:AF6) -> 0
A7: auswärts essen | AG7: auswärts essen
AG10: =SUM(B7:AF10) -> 0
A11: Transport | AG11: Transport
AG14: =SUM(B11:AF14) -> 0
A15: Kleidung | AG15: Kleidung
AG19: =SUM(B15:AF19) -> 0
A20: Freizeit | AG20: Freizeit
AG24: =SUM(B20:AF24) -> 0
A25: Hygiene/Kosmetik | AG25: Hygiene/Kosmetik
AG29: =SUM(B25:AF29) -> 0
A30: Bildung | AG30: Bildung
AG34: =SUM(B30:AF34) -> 0
A35: ? | AG35: ?
AG37: =SUM(B35:AF37) -> 0
A38: ? | AG38: ?
AG40: =SUM(B38:AF40) -> 0
A41: Sonstiges | AG41: Sonstiges
AG44: =SUM(B41:AF44) -> 0
A45: TOTAL | B45: =SUM(B2:B44) -> 0 | C45: =SUM(C2:C44) -> 0 | D45: =SUM(D2:D44) -> 0 | E45: =SUM(E2:E44) -> 0 | F45: =SUM(F2:F44) -> 0 | G45: =SUM(G2:G44) -> 0 | H45: =SUM(H2:H44) -> 0 | I45: =SUM(I2:I44) -> 0 | ... AF45: =SUM(AF2:AF44) -> 0 | AG45: =SUM(B45:AF45) -> 0

Sheet Juni
A1: Juni | B1: 01.06. | C1: 02.06. | D1: 03.06. | E1: 04.06. | F1: 05.06. | G1: 06.06. | H1: 07.06. | I1: 08.06. | J1: 09.06. | K1: 10.06. | L1: 11.06. | M1: 12.06. | N1: 13.06. | O1: 14.06. | P1: 15.06. | Q1: 16.06. | R1: 17.06. | S1: 18.06. | T1: 19.06. | U1: 20.06. | V1: 21.06. | W1: 22.06. | X1: 23.06. | Y1: 24.06. | Z1: 25.06. | AA1: 26.06. | AB1: 27.06. | AC1: 28.06. | AD1: 29.06. | AE1: 30.06. | AF1: Gesamt
A2: Lebensmittel | AF2: Lebensmittel
AF6: =SUM(B2:AE6) -> 0
A7: auswärts essen | AF7: auswärts essen
AF10: =SUM(B7:AE10) -> 0
A11: Transport | AF11: Transport
AF14: =SUM(B11:AE14) -> 0
A15: Kleidung | AF15: Kleidung
AF19: =SUM(B15:AE19) -> 0
A20: Freizeit | AF20: Freizeit
AF24: =SUM(B20:AE24) -> 0
A25: Hygiene/Kosmetik | AF25: Hygiene/Kosmetik
AF29: =SUM(B25:AE29) -> 0
A30: Bildung | AF30: Bildung
AF34: =SUM(B30:AE34) -> 0
A35: ? | AF35: ?
AF37: =SUM(B35:AE37) -> 0
A38: ? | AF38: ?
AF40: =SUM(B38:AE40) -> 0
A41: Sonstiges | AF41: Sonstiges
AF44: =SUM(B41:AE44) -> 0
A45: TOTAL | B45: =SUM(B2:B44) -> 0 | C45: =SUM(C2:C44) -> 0 | D45: =SUM(D2:D44) -> 0 | E45: =SUM(E2:E44) -> 0 | F45: =SUM(F2:F44) -> 0 | G45: =SUM(G2:G44) -> 0 | H45: =SUM(H2:H44) -> 0 | I45: =SUM(I2:I44) -> 0 | ... AE45: =SUM(AE2:AE44) -> 0 | AF45: =SUM(B45:AE45) -> 0

Sheet Juli
A1: Juli | B1: 01.07. | C1: 02.07. | D1: 03.07. | E1: 04.07. | F1: 05.07. | G1: 06.07. | H1: 07.07. | I1: 08.07. | J1: 09.07. | K1: 10.07. | L1: 11.07. | M1: 12.07. | N1: 13.07. | O1: 14.07. | P1: 15.07. | Q1: 16.07. | R1: 17.07. | S1: 18.07. | T1: 19.07. | U1: 20.07. | V1: 21.07. | W1: 22.07. | X1: 23.07. | Y1: 24.07. | Z1: 25.07. | AA1: 26.07. | AB1: 27.07. | AC1: 28.07. | AD1: 29.07. | AE1: 30.07. | AF1: 31.07. | AG1: Gesamt
A2: Lebensmittel | AG2: Lebensmittel
AG6: =SUM(B2:AF6) -> 0
A7: auswärts essen | AG7: auswärts essen
AG10: =SUM(B7:AF10) -> 0
A11: Transport | AG11: Transport
AG14: =SUM(B11:AF14) -> 0
A15: Kleidung | AG15: Kleidung
AG19: =SUM(B15:AF19) -> 0
A20: Freizeit | AG20: Freizeit
AG24: =SUM(B20:AF24) -> 0
A25: Hygiene/Kosmetik | AG25: Hygiene/Kosmetik
AG29: =SUM(B25:AF29) -> 0
A30: Bildung | AG30: Bildung
AG34: =SUM(B30:AF34) -> 0
A35: ? | AG35: ?
AG37: =SUM(B35:AF37) -> 0
A38: ? | AG38: ?
AG40: =SUM(B38:AF40) -> 0
A41: Sonstiges | AG41: Sonstiges
AG44: =SUM(B41:AF44) -> 0
A45: TOTAL | B45: =SUM(B2:B44) -> 0 | C45: =SUM(C2:C44) -> 0 | D45: =SUM(D2:D44) -> 0 | E45: =SUM(E2:E44) -> 0 | F45: =SUM(F2:F44) -> 0 | G45: =SUM(G2:G44) -> 0 | H45: =SUM(H2:H44) -> 0 | I45: =SUM(I2:I44) -> 0 | ... AF45: =SUM(AF2:AF44) -> 0 | AG45: =SUM(B45:AF45) -> 0

Sheet August
A1: August | B1: 01.08. | C1: 02.08. | D1: 03.08. | E1: 04.08. | F1: 05.08. | G1: 06.08. | H1: 07.08. | I1: 08.08. | J1: 09.08. | K1: 10.08. | L1: 11.08. | M1: 12.08. | N1: 13.08. | O1: 14.08. | P1: 15.08. | Q1: 16.08. | R1: 17.08. | S1: 18.08. | T1: 19.08. | U1: 20.08. | V1: 21.08. | W1: 22.08. | X1: 23.08. | Y1: 24.08. | Z1: 25.08. | AA1: 26.08. | AB1: 27.08. | AC1: 28.08. | AD1: 29.08. | AE1: 30.08. | AF1: 31.08. | AG1: Gesamt
A2: Lebensmittel | AG2: Lebensmittel
AG6: =SUM(B2:AF6) -> 0
A7: auswärts essen | AG7: auswärts essen
AG10: =SUM(B7:AF10) -> 0
A11: Transport | AG11: Transport
AG14: =SUM(B11:AF14) -> 0
A15: Kleidung | AG15: Kleidung
AG19: =SUM(B15:AF19) -> 0
A20: Freizeit | AG20: Freizeit
AG24: =SUM(B20:AF24) -> 0
A25: Hygiene/Kosmetik | AG25: Hygiene/Kosmetik
AG29: =SUM(B25:AF29) -> 0
A30: Bildung | AG30: Bildung
AG34: =SUM(B30:AF34) -> 0
A35: ? | AG35: ?
AG37: =SUM(B35:AF37) -> 0
A38: ? | AG38: ?
AG40: =SUM(B38:AF40) -> 0
A41: Sonstiges | AG41: Sonstiges
AG44: =SUM(B41:AF44) -> 0
A45: TOTAL | B45: =SUM(B2:B44) -> 0 | C45: =SUM(C2:C44) -> 0 | D45: =SUM(D2:D44) -> 0 | E45: =SUM(E2:E44) -> 0 | F45: =SUM(F2:F44) -> 0 | G45: =SUM(G2:G44) -> 0 | H45: =SUM(H2:H44) -> 0 | I45: =SUM(I2:I44) -> 0 | ... AF45: =SUM(AF2:AF44) -> 0 | AG45: =SUM(B45:AF45) -> 0

Sheet September
A1: September | B1: 01.09. | C1: 02.09. | D1: 03.09. | E1: 04.09. | F1: 05.09. | G1: 06.09. | H1: 07.09. | I1: 08.09. | J1: 09.09. | K1: 10.09. | L1: 11.09. | M1: 12.09. | N1: 13.09. | O1: 14.09. | P1: 15.09. | Q1: 16.09. | R1: 17.09. | S1: 18.09. | T1: 19.09. | U1: 20.09. | V1: 21.09. | W1: 22.09. | X1: 23.09. | Y1: 24.09. | Z1: 25.09. | AA1: 26.09. | AB1: 27.09. | AC1: 28.09. | AD1: 29.09. | AE1: 30.09. | AF1: Gesamt
A2: Lebensmittel | AF2: Lebensmittel
AF6: =SUM(B2:AE6) -> 0
A7: auswärts essen | AF7: auswärts essen
AF10: =SUM(B7:AE10) -> 0
A11: Transport | AF11: Transport
AF14: =SUM(B11:AE14) -> 0
A15: Kleidung | AF15: Kleidung
AF19: =SUM(B15:AE19) -> 0
A20: Freizeit | AF20: Freizeit
AF24: =SUM(B20:AE24) -> 0
A25: Hygiene/Kosmetik | AF25: Hygiene/Kosmetik
AF29: =SUM(B25:AE29) -> 0
A30: Bildung | AF30: Bildung
AF34: =SUM(B30:AE34) -> 0
A35: ? | AF35: ?
AF37: =SUM(B35:AE37) -> 0
A38: ? | AF38: ?
AF40: =SUM(B38:AE40) -> 0
A41: Sonstiges | AF41: Sonstiges
AF44: =SUM(B41:AE44) -> 0
A45: TOTAL | B45: =SUM(B2:B44) -> 0 | C45: =SUM(C2:C44) -> 0 | D45: =SUM(D2:D44) -> 0 | E45: =SUM(E2:E44) -> 0 | F45: =SUM(F2:F44) -> 0 | G45: =SUM(G2:G44) -> 0 | H45: =SUM(H2:H44) -> 0 | I45: =SUM(I2:I44) -> 0 | ... AE45: =SUM(AE2:AE44) -> 0 | AF45: =SUM(B45:AE45) -> 0

Sheet Oktober
A1: Oktober | B1: 01.10. | C1: 02.10. | D1: 03.10. | E1: 04.10. | F1: 05.10. | G1: 06.10. | H1: 07.10. | I1: 08.10. | J1: 09.10. | K1: 10.10. | L1: 11.10. | M1: 12.10. | N1: 13.10. | O1: 14.10. | P1: 15.10. | Q1: 16.10. | R1: 17.10. | S1: 18.10. | T1: 19.10. | U1: 20.10. | V1: 21.10. | W1: 22.10. | X1: 23.10. | Y1: 24.10. | Z1: 25.10. | AA1: 26.10. | AB1: 27.10. | AC1: 28.10. | AD1: 29.10. | AE1: 30.10. | AF1: 31.10. | AG1: Gesamt
A2: Lebensmittel | AG2: Lebensmittel
AG6: =SUM(B2:AF6) -> 0
A7: auswärts essen | AG7: auswärts essen
AG10: =SUM(B7:AF10) -> 0
A11: Transport | AG11: Transport
AG14: =SUM(B11:AF14) -> 0
A15: Kleidung | AG15: Kleidung
AG19: =SUM(B15:AF19) -> 0
A20: Freizeit | AG20: Freizeit
AG24: =SUM(B20:AF24) -> 0
A25: Hygiene/Kosmetik | AG25: Hygiene/Kosmetik
AG29: =SUM(B25:AF29) -> 0
A30: Bildung | AG30: Bildung
AG34: =SUM(B30:AF34) -> 0
A35: ? | AG35: ?
AG37: =SUM(B35:AF37) -> 0
A38: ? | AG38: ?
AG40: =SUM(B38:AF40) -> 0
A41: Sonstiges | AG41: Sonstiges
AG44: =SUM(B41:AF44) -> 0
A45: TOTAL | B45: =SUM(B2:B44) -> 0 | C45: =SUM(C2:C44) -> 0 | D45: =SUM(D2:D44) -> 0 | E45: =SUM(E2:E44) -> 0 | F45: =SUM(F2:F44) -> 0 | G45: =SUM(G2:G44) -> 0 | H45: =SUM(H2:H44) -> 0 | I45: =SUM(I2:I44) -> 0 | ... AF45: =SUM(AF2:AF44) -> 0 | AG45: =SUM(B45:AF45) -> 0

Sheet November
A1: November | B1: 01.11. | C1: 02.11. | D1: 03.11. | E1: 04.11. | F1: 05.11. | G1: 06.11. | H1: 07.11. | I1: 08.11. | J1: 09.11. | K1: 10.11. | L1: 11.11. | M1: 12.11. | N1: 13.11. | O1: 14.11. | P1: 15.11. | Q1: 16.11. | R1: 17.11. | S1: 18.11. | T1: 19.11. | U1: 20.11. | V1: 21.11. | W1: 22.11. | X1: 23.11. | Y1: 24.11. | Z1: 25.11. | AA1: 26.11. | AB1: 27.11. | AC1: 28.11. | AD1: 29.11. | AE1: 30.11. | AF1: Gesamt
A2: Lebensmittel | AF2: Lebensmittel
AF6: =SUM(B2:AE6) -> 0
A7: auswärts essen | AF7: auswärts essen
AF10: =SUM(B7:AE10) -> 0
A11: Transport | AF11: Transport
AF14: =SUM(B11:AE14) -> 0
A15: Kleidung | AF15: Kleidung
AF19: =SUM(B15:AE19) -> 0
A20: Freizeit | AF20: Freizeit
AF24: =SUM(B20:AE24) -> 0
A25: Hygiene/Kosmetik | AF25: Hygiene/Kosmetik
AF29: =SUM(B25:AE29) -> 0
A30: Bildung | AF30: Bildung
AF34: =SUM(B30:AE34) -> 0
A35: ? | AF35: ?
AF37: =SUM(B35:AE37) -> 0
A38: ? | AF38: ?
AF40: =SUM(B38:AE40) -> 0
A41: Sonstiges | AF41: Sonstiges
AF44: =SUM(B41:AE44) -> 0
A45: TOTAL | B45: =SUM(B2:B44) -> 0 | C45: =SUM(C2:C44) -> 0 | D45: =SUM(D2:D44) -> 0 | E45: =SUM(E2:E44) -> 0 | F45: =SUM(F2:F44) -> 0 | G45: =SUM(G2:G44) -> 0 | H45: =SUM(H2:H44) -> 0 | I45: =SUM(I2:I44) -> 0 | ... AE45: =SUM(AE2:AE44) -> 0 | AF45: =SUM(B45:AE45) -> 0

Sheet Dezember
A1: Dezember | B1: 01.12. | C1: 02.12. | D1: 03.12. | E1: 04.12. | F1: 05.12. | G1: 06.12. | H1: 07.12. | I1: 08.12. | J1: 09.12. | K1: 10.12. | L1: 11.12. | M1: 12.12. | N1: 13.12. | O1: 14.12. | P1: 15.12. | Q1: 16.12. | R1: 17.12. | S1: 18.12. | T1: 19.12. | U1: 20.12. | V1: 21.12. | W1: 22.12. | X1: 23.12. | Y1: 24.12. | Z1: 25.12. | AA1: 26.12. | AB1: 27.12. | AC1: 28.12. | AD1: 29.12. | AE1: 30.12. | AF1: 31.12. | AG1: Gesamt
A2: Lebensmittel | AG2: Lebensmittel
AG6: =SUM(B2:AF6) -> 0
A7: auswärts essen | AG7: auswärts essen
AG10: =SUM(B7:AF10) -> 0
A11: Transport | AG11: Transport
AG14: =SUM(B11:AF14) -> 0
A15: Kleidung | AG15: Kleidung
AG19: =SUM(B15:AF19) -> 0
A20: Freizeit | AG20: Freizeit
AG24: =SUM(B20:AF24) -> 0
A25: Hygiene/Kosmetik | AG25: Hygiene/Kosmetik
AG29: =SUM(B25:AF29) -> 0
A30: Bildung | AG30: Bildung
AG34: =SUM(B30:AF34) -> 0
A35: ? | AG35: ?
AG37: =SUM(B35:AF37) -> 0
A38: ? | AG38: ?
AG40: =SUM(B38:AF40) -> 0
A41: Sonstiges | AG41: Sonstiges
AG44: =SUM(B41:AF44) -> 0
A45: TOTAL | B45: =SUM(B2:B44) -> 0 | C45: =SUM(C2:C44) -> 0 | D45: =SUM(D2:D44) -> 0 | E45: =SUM(E2:E44) -> 0 | F45: =SUM(F2:F44) -> 0 | G45: =SUM(G2:G44) -> 0 | H45: =SUM(H2:H44) -> 0 | I45: =SUM(I2:I44) -> 0 | ... AF45: =SUM(AF2:AF44) -> 0 | AG45: =SUM(B45:AF45) -> 0
